Workbook
Name Fonte: 'MM CALC'!#REF!
Name Fonte: 'PLAN ORÇ'!$I1
Name nao: #REF!
Name nao: #REF!

Sheet PLAN ORÇ
A3: PLANILHA ORÇAMENTÁRIA DE CUSTOS
A5: ='MM CALC'!A3 -> PREFEITURA MUNICIPAL DE SÃO JOÃO NEPOMUCENO | E5: ='MM CALC'!E3 -> DATA: 06/10/2025
A6: ='MM CALC'!A4 -> OBRA: Ampliação Da escola Péricles
A7: ='MM CALC'!A5 -> LOCAL: RUA NORMA PIMENTA MENEZES, SÃO CRISTÓVÃO | E7: FORMA DE EXECUÇÃO: | G7: Adotado BDI "CONSTRUÇÃO DE EDIFÍCIOS" da planilha de preços SEINFRA/REGIÃO LESTE 04/2025 SEM DESONERAÇÃO | I7: ISS 3,00%
A8: REGIÃO/MÊS DE REFERÊNCIA: SEINFRA/REGIÃO LESTE 07/2025 SEM DESONERAÇÃO | E8: ( ) | F8: DIRETA
A9: PRAZO DE EXECUÇÃO: 4 MÊSES | E9: ( X ) | F9: INDIRETA | G9: BDI = | H9: 0.2342
A11: ITEM | B11: FONTE | C11: CDIGO | D11: DESCRIÇÃO | E11: UND. | F11: QUANT. | G11: UNITÁRIO S/ BDI | H11: UNITÁRIO C/ BDI | I11: TOTAL
A13: ='MM CALC'!A9 -> 1 | D13: ='MM CALC'!D9 -> SERVIÇOS PRELIMINARES | I13: =SUM(I14:I14) -> 1427.41
A14: ='MM CALC'!A10 -> 1.1 | B14: ='MM CALC'!B10 -> SEINFRA | C14: ='MM CALC'!C10 -> ED-28427 | D14: ='MM CALC'!D10 -> FORNECIMENTO E COLOCAÇÃO DE PLACA DE OBRA EM CHAPA GALVANIZADA #26, ESP. 0,45MM, DIMENSÃO (3X1,5)M, PLOTADA COM ADESIVO VINÍLICO, AFIXADA COM REBITES 4,8X40MM, EM ESTRUTURA METÁLICA DE METALON 20X20MM, ESP. 1,25MM, INCLUSIVE SUPORTE EM EUCALIPTO AUTOCLAVADO PINTADO COM TINTA PVA DUAS (2) DEMÃOS | E14: ='MM CALC'!E10 -> u | F14: ='MM CALC'!F10 -> 1 | G14: 1156.55 | H14: =ROUND(G14+(G14*$H$9),2) -> 1427.41 | I14: =ROUND((F14*H14),2) -> 1427.41
A15: ='MM CALC'!A11 -> 1.2 | B15: ='MM CALC'!B11 -> SEINFRA | C15: ='MM CALC'!C11 -> ED-17989 | D15: ='MM CALC'!D11 -> LOCAÇÃO DE OBRA COM GABARITO DE TÁBUAS CORRIDAS PONTALETADAS A CADA 2,00M, REAPROVEITAMENTO (2X), INCLUSIVE ACOMPANHAMENTO DE EQUIPE TOPOGRÁFICA PARA MARCAÇÃO DE PONTO TOPOGRÁFICO | E15: ='MM CALC'!E11 -> m | F15: ='MM CALC'!F11 -> 60 | G15: 63.18 | H15: =ROUND(G15+(G15*$H$9),2) -> 77.98 | I15: =ROUND((F15*H15),2) -> 4678.8
A16: ='MM CALC'!A12 -> 2 | D16: ='MM CALC'!D12 -> ESTRUTURA | I16: =SUM(I18:I53) -> 227955.17
A17: ='MM CALC'!A13 -> 2.1. | D17: ='MM CALC'!D13 -> FUNDAÇÃO - SAPATAS
A18: ='MM CALC'!A14 -> 2.1.1 | B18: ='MM CALC'!B14 -> SEINFRA | C18: ='MM CALC'!C14 -> ED-51105 | D18: ='MM CALC'!D14 -> ESCAVAÇÃO MECÂNICA EM MATERIAL DE 1ª CATEGORIA, INCLUSIVE CARGA EM CAMINHÃO, EXCLUSIVE TRANSPORTE E DESCARGA | E18: ='MM CALC'!E14 -> m³ | F18: ='MM CALC'!F14 -> 31.7 | G18: 7.62 | H18: =ROUND(G18+(G18*$H$9),2) -> 9.4 | I18: =ROUND((F18*H18),2) -> 297.98
A19: ='MM CALC'!A15 -> 2.1.2 | B19: ='MM CALC'!B15 -> SEINFRA | C19: ='MM CALC'!C15 -> ED-49805 | D19: ='MM CALC'!D15 -> FORNECIMENTO DE CONCRETO ESTRUTURAL, USINADO BOMBEADO, COM FCK 25MPA, INCLUSIVE LANÇAMENTO, ADENSAMENTO E ACABAMENTO (FUNDAÇÃO | E19: ='MM CALC'!E15 -> m³ | F19: ='MM CALC'!F15 -> 7.21 | G19: 716.36 | H19: =ROUND(G19+(G19*$H$9),2) -> 884.13 | I19: =ROUND((F19*H19),2) -> 6374.58
A20: ='MM CALC'!A16 -> 2.1.3 | B20: ='MM CALC'!B16 -> SEINFRA | C20: ='MM CALC'!C16 -> ED-49812 | D20: ='MM CALC'!D16 -> LASTRO DE CONCRETO MAGRO, INCLUSIVE TRANSPORTE, LANÇAMENTO E ADENSAMENTO | E20: ='MM CALC'!E16 -> m³ | F20: ='MM CALC'!F16 -> 0.98 | G20: 578.31 | H20: =ROUND(G20+(G20*$H$9),2) -> 713.75 | I20: =ROUND((F20*H20),2) -> 699.48
A21: ='MM CALC'!A17 -> 2.1.4 | B21: ='MM CALC'!B17 -> SEINFRA | C21: ='MM CALC'!C17 -> ED-29548 | D21: ='MM CALC'!D17 -> CORTE, DOBRA E MONTAGEM DE AÇO CA-60, DIÂMETRO 5MM, INCLUSIVE ESPAÇADOR | E21: ='MM CALC'!E17 -> kg | F21: ='MM CALC'!F17 -> 45.9 | G21: 13.97 | H21: =ROUND(G21+(G21*$H$9),2) -> 17.24 | I21: =ROUND((F21*H21),2) -> 791.32
A22: ='MM CALC'!A18 -> 2.1.5 | B22: ='MM CALC'!B18 -> SEINFRA | C22: ='MM CALC'!C18 -> ED-29550 | D22: ='MM CALC'!D18 -> CORTE, DOBRA E MONTAGEM DE AÇO CA-50, DIÂMETRO 8MM, INCLUSIVE ESPAÇADOR | E22: ='MM CALC'!E18 -> kg | F22: ='MM CALC'!F18 -> 207.3 | G22: 13.83 | H22: =ROUND(G22+(G22*$H$9),2) -> 17.07 | I22: =ROUND((F22*H22),2) -> 3538.61
A23: ='MM CALC'!A19 -> 2.1.6 | B23: ='MM CALC'!B19 -> SEINFRA | C23: ='MM CALC'!C19 -> ED-29551 | D23: ='MM CALC'!D19 -> CORTE, DOBRA E MONTAGEM DE AÇO CA-50, DIÂMETRO 10MM, INCLUSIVE ESPAÇADOR | E23: ='MM CALC'!E19 -> kg | F23: ='MM CALC'!F19 -> 99.3 | G23: 14.31 | H23: =ROUND(G23+(G23*$H$9),2) -> 17.66 | I23: =ROUND((F23*H23),2) -> 1753.64
A24: ='MM CALC'!A20 -> 2.1.7 | B24: ='MM CALC'!B20 -> SEINFRA | C24: ='MM CALC'!C20 -> ED-29552 | D24: ='MM CALC'!D20 -> CORTE, DOBRA E MONTAGEM DE AÇO CA-50, DIÂMETRO 12,5MM, INCLUSIVE ESPAÇADOR | E24: ='MM CALC'!E20 -> kg | F24: ='MM CALC'!F20 -> 47.4 | G24: 13.74 | H24: =ROUND(G24+(G24*$H$9),2) -> 16.96 | I24: =ROUND((F24*H24),2) -> 803.9
A25: ='MM CALC'!A21 -> 2.1.8 | B25: ='MM CALC'!B21 -> SEINFRA | C25: ='MM CALC'!C21 -> ED-51107 | D25: ='MM CALC'!D21 -> ESCAVAÇÃO MANUAL DE VALAS H <= 1,50 M | E25: ='MM CALC'!E21 -> m³ | F25: ='MM CALC'!F21 -> 10 | G25: 77.29 | H25: =ROUND(G25+(G25*$H$9),2) -> 95.39 | I25: =ROUND((F25*H25),2) -> 953.9
A26: ='MM CALC'!A22 -> 2.1.9 | B26: ='MM CALC'!B22 -> SEINFRA | C26: ='MM CALC'!C22 -> ED-51093 | D26: ='MM CALC'!D22 -> APILOAMENTO MANUAL EM FUNDO DE VALA COM SOQUETE, EXCLUSIVE ESCAVAÇÃO | E26: ='MM CALC'!E22 -> m² | F26: ='MM CALC'!F22 -> 19.63 | G26: 26.06 | H26: =ROUND(G26+(G26*$H$9),2) -> 32.16 | I26: =ROUND((F26*H26),2) -> 631.3
A27: ='MM CALC'!A23 -> 2.2. | D27: ='MM CALC'!D23 -> FUNDAÇÃO - VIGAS BALDRAME E PISO
A28: ='MM CALC'!A24 -> 2.2.1 | B28: ='MM CALC'!B24 -> SEINFRA | C28: ='MM CALC'!C24 -> ED-49619 | D28: ='MM CALC'!D24 -> FORNECIMENTO DE CONCRETO ESTRUTURAL, PREPARADO EM OBRA, COM FCK 25MPA, INCLUSIVE LANÇAMENTO, ADENSAMENTO E ACABAMENTO | E28: ='MM CALC'!E24 -> m³ | F28: ='MM CALC'!F24 -> 8.14 | G28: 791.92 | H28: =ROUND(G28+(G28*$H$9),2) -> 977.39 | I28: =ROUND((F28*H28),2) -> 7955.95
A29: ='MM CALC'!A25 -> 2.2.2 | B29: ='MM CALC'!B25 -> SEINFRA | C29: ='MM CALC'!C25 -> ED-29548 | D29: ='MM CALC'!D25 -> CORTE, DOBRA E MONTAGEM DE AÇO CA-60, DIÂMETRO 5MM, INCLUSIVE ESPAÇADOR | E29: ='MM CALC'!E25 -> kg | F29: ='MM CALC'!F25 -> 355.41 | G29: 13.97 | H29: =ROUND(G29+(G29*$H$9),2) -> 17.24 | I29: =ROUND((F29*H29),2) -> 6127.27
A30: ='MM CALC'!A26 -> 2.2.3 | B30: ='MM CALC'!B26 -> SEINFRA | C30: ='MM CALC'!C26 -> ED-29550 | D30: ='MM CALC'!D26 -> CORTE, DOBRA E MONTAGEM DE AÇO CA-50, DIÂMETRO 8MM, INCLUSIVE ESPAÇADOR | E30: ='MM CALC'!E26 -> kg | F30: ='MM CALC'!F26 -> 48.5 | G30: 13.83 | H30: =ROUND(G30+(G30*$H$9),2) -> 17.07 | I30: =ROUND((F30*H30),2) -> 827.9
A31: ='MM CALC'!A27 -> 2.2.4 | B31: ='MM CALC'!B27 -> SEINFRA | C31: ='MM CALC'!C27 -> ED-29551 | D31: ='MM CALC'!D27 -> CORTE, DOBRA E MONTAGEM DE AÇO CA-50, DIÂMETRO 10MM, INCLUSIVE ESPAÇADOR | E31: ='MM CALC'!E27 -> kg | F31: ='MM CALC'!F27 -> 233.6 | G31: 14.31 | H31: =ROUND(G31+(G31*$H$9),2) -> 17.66 | I31: =ROUND((F31*H31),2) -> 4125.38
A32: ='MM CALC'!A28 -> 2.2.5 | B32: ='MM CALC'!B28 -> SEINFRA | C32: ='MM CALC'!C28 -> ED-29552 | D32: ='MM CALC'!D28 -> CORTE, DOBRA E MONTAGEM DE AÇO CA-50, DIÂMETRO 12,5MM, INCLUSIVE ESPAÇADOR | E32: ='MM CALC'!E28 -> kg | F32: ='MM CALC'!F28 -> 82.4 | G32: 13.74 | H32: =ROUND(G32+(G32*$H$9),2) -> 16.96 | I32: =ROUND((F32*H32),2) -> 1397.5
A33: ='MM CALC'!A29 -> 2.2.6 | B33: ='MM CALC'!B29 -> SEINFRA | C33: ='MM CALC'!C29 -> ED-49643 | D33: ='MM CALC'!D29 -> FÔRMA E DESFORMA DE TÁBUA E SARRAFO, REAPROVEITAMENTO (3X), EXCLUSIVE ESCORAMENTO | E33: ='MM CALC'!E29 -> m² | F33: ='MM CALC'!F29 -> 99.98 | G33: 79.42 | H33: =ROUND(G33+(G33*$H$9),2) -> 98.02 | I33: =ROUND((F33*H33),2) -> 9800.04
A34: ='MM CALC'!A30 -> 2.2.7 | B34: ='MM CALC'!B30 -> SEINFRA | C34: ='MM CALC'!C30 -> ED-50600 | D34: ='MM CALC'!D30 -> APLICAÇÃO DE LONA PRETA, ESP. 150 MICRAS, INCLUSIVE FORNECIMENTO | E34: ='MM CALC'!E30 -> m² | F34: ='MM CALC'!F30 -> 166.11 | G34: 3.74 | H34: =ROUND(G34+(G34*$H$9),2) -> 4.62 | I34: =ROUND((F34*H34),2) -> 767.43
A35: ='MM CALC'!A31 -> 2.2.8 | B35: ='MM CALC'!B31 -> SEINFRA | C35: ='MM CALC'!C31 -> ED-50571 | D35: ='MM CALC'!D31 -> PISO EM CONCRETO PREPARADO EM OBRA COM BETONEIRA COM FCK DE 13,5MPA, SEM ARMAÇÃO, ACABAMENTO RÚSTICO, ESP. 8CM, INCLUSIVE FORNECIMENTO, LANÇAMENTO, ADENSAMENTO, SARRAFEAMENTO, EXCLUSIVE JUNTA DE DILATAÇÃO | E35: ='MM CALC'!E31 -> m² | F35: ='MM CALC'!F31 -> 166.11 | G35: 92.98 | H35: =ROUND(G35+(G35*$H$9),2) -> 114.76 | I35: =ROUND((F35*H35),2) -> 19062.78
A36: ='MM CALC'!A32 -> 2.2.9 | B36: ='MM CALC'!B32 -> SEINFRA | C36: ='MM CALC'!C32 -> ED-50174 | D36: ='MM CALC'!D32 -> IMPERMEABILIZAÇÃO COM EMULSÃO ASFÁLTICA, DUAS (2) DEMÃOS | E36: ='MM CALC'!E32 -> m² | F36: ='MM CALC'!F32 -> 124.97 | G36: 33.11 | H36: =ROUND(G36+(G36*$H$9),2) -> 40.86 | I36: =ROUND((F36*H36),2) -> 5106.27
A37: ='MM CALC'!A33 -> 2.3. | D37: ='MM CALC'!D33 -> PILARES
A38: ='MM CALC'!A34 -> 2.3.1 | B38: ='MM CALC'!B34 -> SEINFRA | C38: ='MM CALC'!C34 -> ED-49643 | D38: ='MM CALC'!D34 -> FÔRMA E DESFORMA DE TÁBUA E SARRAFO, REAPROVEITAMENTO (3X), EXCLUSIVE ESCORAMENTO | E38: ='MM CALC'!E34 -> m² | F38: ='MM CALC'!F34 -> 134.64 | G38: 79.42 | H38: =ROUND(G38+(G38*$H$9),2) -> 98.02 | I38: =ROUND((F38*H38),2) -> 13197.41
A39: ='MM CALC'!A35 -> 2.3.2 | B39: ='MM CALC'!B35 -> SEINFRA | C39: ='MM CALC'!C35 -> ED-49619 | D39: ='MM CALC'!D35 -> FORNECIMENTO DE CONCRETO ESTRUTURAL, PREPARADO EM OBRA, COM FCK 25MPA, INCLUSIVE LANÇAMENTO, ADENSAMENTO E ACABAMENTO | E39: ='MM CALC'!E35 -> m³ | F39: ='MM CALC'!F35 -> 8.36 | G39: 791.92 | H39: =ROUND(G39+(G39*$H$9),2) -> 977.39 | I39: =ROUND((F39*H39),2) -> 8170.98
A40: ='MM CALC'!A36 -> 2.3.3 | B40: ='MM CALC'!B36 -> SEINFRA | C40: ='MM CALC'!C36 -> ED-29548 | D40: ='MM CALC'!D36 -> CORTE, DOBRA E MONTAGEM DE AÇO CA-60, DIÂMETRO 5MM, INCLUSIVE ESPAÇADOR | E40: ='MM CALC'!E36 -> kg | F40: ='MM CALC'!F36 -> 209.7 | G40: 13.97 | H40: =ROUND(G40+(G40*$H$9),2) -> 17.24 | I40: =ROUND((F40*H40),2) -> 3615.23
A41: ='MM CALC'!A37 -> 2.3.4 | B41: ='MM CALC'!B37 -> SEINFRA | C41: ='MM CALC'!C37 -> ED-29551 | D41: ='MM CALC'!D37 -> CORTE, DOBRA E MONTAGEM DE AÇO CA-50, DIÂMETRO 10MM, INCLUSIVE ESPAÇADOR | E41: ='MM CALC'!E37 -> kg | F41: ='MM CALC'!F37 -> 277.5 | G41: 14.31 | H41: =ROUND(G41+(G41*$H$9),2) -> 17.66 | I41: =ROUND((F41*H41),2) -> 4900.65
A42: ='MM CALC'!A38 -> 2.3.5 | B42: ='MM CALC'!B38 -> SEINFRA | C42: ='MM CALC'!C38 -> ED-29552 | D42: ='MM CALC'!D38 -> CORTE, DOBRA E MONTAGEM DE AÇO CA-50, DIÂMETRO 12,5MM, INCLUSIVE ESPAÇADOR | E42: ='MM CALC'!E38 -> kg | F42: ='MM CALC'!F38 -> 28.7 | G42: 13.74 | H42: =ROUND(G42+(G42*$H$9),2) -> 16.96 | I42: =ROUND((F42*H42),2) -> 486.75
A43: ='MM CALC'!A39 -> 2.4. | D43: ='MM CALC'!D39 -> VIGAS E LAJES
A44: ='MM CALC'!A40 -> 2.4.1 | B44: ='MM CALC'!B40 -> SEINFRA | C44: ='MM CALC'!C40 -> ED-31583 | D44: ='MM CALC'!D40 -> FÔRMA E DESFORMA PARA LAJE DE MADEIRA COM TÁBUA E SARRAFO, REAPROVEITAMENTO (3X), EXCLUSIVE ESCORAMENTO | E44: ='MM CALC'!E40 -> m² | F44: ='MM CALC'!F40 -> 391.76 | G44: 70.99 | H44: =ROUND(G44+(G44*$H$9),2) -> 87.62 | I44: =ROUND((F44*H44),2) -> 34326.01
A45: ='MM CALC'!A41 -> 2.4.2 | B45: ='MM CALC'!B41 -> SEINFRA | C45: ='MM CALC'!C41 -> ED-49638 | D45: ='MM CALC'!D41 -> FORNECIMENTO DE CONCRETO ESTRUTURAL, USINADO BOMBEADO, COM FCK 25MPA, INCLUSIVE LANÇAMENTO, ADENSAMENTO E ACABAMENTO | E45: ='MM CALC'!E41 -> m³ | F45: ='MM CALC'!F41 -> 49.85 | G45: 732.35 | H45: =ROUND(G45+(G45*$H$9),2) -> 903.87 | I45: =ROUND((F45*H45),2) -> 45057.92
A46: ='MM CALC'!A42 -> 2.4.3 | B46: ='MM CALC'!B42 -> SEINFRA | C46: ='MM CALC'!C42 -> ED-19633 | D46: ='MM CALC'!D42 -> ESCORAMENTO METÁLICO PARA LAJE E VIGA EM CONCRETO ARMADO, TIPO "A", ALTURA DE (200 ATÉ 310)CM, INCLUSIVE DESCARGA, MONTAGEM, DESMONTAGEM E CARGA | E46: ='MM CALC'!E42 -> m²xmês | F46: ='MM CALC'!F42 -> 162 | G46: 20.23 | H46: =ROUND(G46+(G46*$H$9),2) -> 24.97 | I46: =ROUND((F46*H46),2) -> 4045.14
A47: ='MM CALC'!A43 -> 2.4.4 | B47: ='MM CALC'!B43 -> SEINFRA | C47: ='MM CALC'!C43 -> ED-19634 | D47: ='MM CALC'!D43 -> ESCORAMENTO METÁLICO PARA LAJE E VIGA EM CONCRETO ARMADO, TIPO "B", ALTURA DE (311 ATÉ 450)CM, INCLUSIVE DESCARGA, MONTAGEM, DESMONTAGEM E CARGA | E47: ='MM CALC'!E43 -> m²xmês | F47: ='MM CALC'!F43 -> 162 | G47: 23.69 | H47: =ROUND(G47+(G47*$H$9),2) -> 29.24 | I47: =ROUND((F47*H47),2) -> 4736.88
A48: ='MM CALC'!A44 -> 2.4.5 | B48: ='MM CALC'!B44 -> SEINFRA | C48: ='MM CALC'!C44 -> ED-29548 | D48: ='MM CALC'!D44 -> CORTE, DOBRA E MONTAGEM DE AÇO CA-60, DIÂMETRO 5MM, INCLUSIVE ESPAÇADOR | E48: ='MM CALC'!E44 -> kg | F48: ='MM CALC'!F44 -> 704.3 | G48: 13.97 | H48: =ROUND(G48+(G48*$H$9),2) -> 17.24 | I48: =ROUND((F48*H48),2) -> 12142.13
A49: ='MM CALC'!A45 -> 2.4.6 | B49: ='MM CALC'!B45 -> SEINFRA | C49: ='MM CALC'!C45 -> ED-29549 | D49: ='MM CALC'!D45 -> CORTE, DOBRA E MONTAGEM DE AÇO CA-50, DIÂMETRO 6,3MM, INCLUSIVE ESPAÇADOR | E49: ='MM CALC'!E45 -> kg | F49: ='MM CALC'!F45 -> 416.4 | G49: 13.65 | H49: =ROUND(G49+(G49*$H$9),2) -> 16.85 | I49: =ROUND((F49*H49),2) -> 7016.34
A50: ='MM CALC'!A46 -> 2.4.7 | B50: ='MM CALC'!B46 -> SEINFRA | C50: ='MM CALC'!C46 -> ED-29550 | D50: ='MM CALC'!D46 -> CORTE, DOBRA E MONTAGEM DE AÇO CA-50, DIÂMETRO 8MM, INCLUSIVE ESPAÇADOR | E50: ='MM CALC'!E46 -> kg | F50: ='MM CALC'!F46 -> 374.2 | G50: 13.83 | H50: =ROUND(G50+(G50*$H$9),2) -> 17.07 | I50: =ROUND((F50*H50),2) -> 6387.59
A51: ='MM CALC'!A47 -> 2.4.8 | B51: ='MM CALC'!B47 -> SEINFRA | C51: ='MM CALC'!C47 -> ED-29551 | D51: ='MM CALC'!D47 -> CORTE, DOBRA E MONTAGEM DE AÇO CA-50, DIÂMETRO 10MM, INCLUSIVE ESPAÇADOR | E51: ='MM CALC'!E47 -> kg | F51: ='MM CALC'!F47 -> 433.7 | G51: 14.31 | H51: =ROUND(G51+(G51*$H$9),2) -> 17.66 | I51: =ROUND((F51*H51),2) -> 7659.14
A52: ='MM CALC'!A48 -> 2.4.9 | B52: ='MM CALC'!B48 -> SEINFRA | C52: ='MM CALC'!C48 -> ED-29552 | D52: ='MM CALC'!D48 -> CORTE, DOBRA E MONTAGEM DE AÇO CA-50, DIÂMETRO 12,5MM, INCLUSIVE ESPAÇADOR | E52: ='MM CALC'!E48 -> kg | F52: ='MM CALC'!F48 -> 242.1 | G52: 13.74 | H52: =ROUND(G52+(G52*$H$9),2) -> 16.96 | I52: =ROUND((F52*H52),2) -> 4106.02
A53: ='MM CALC'!A49 -> 2.4.10 | B53: ='MM CALC'!B49 -> SEINFRA | C53: ='MM CALC'!C49 -> ED-48296 | D53: ='MM CALC'!D49 -> CORTE, DOBRA E MONTAGEM DE AÇO CA-50, DIÂMETRO (16,0MM A 25,0MM), INCLUSIVE ESPAÇADOR | E53: ='MM CALC'!E49 -> kg | F53: ='MM CALC'!F49 -> 61.3 | G53: 14.43 | H53: =ROUND(G53+(G53*$H$9),2) -> 17.81 | I53: =ROUND((F53*H53),2) -> 1091.75
A54: ='MM CALC'!A50 -> 3. | D54: ='MM CALC'!D50 -> ALVENARIAS E DIVISÓRIAS | I54: =SUM(I55:I57) -> 37623.36
A55: ='MM CALC'!A51 -> 3.1 | B55: ='MM CALC'!B51 -> SEINFRA | C55: ='MM CALC'!C51 -> ED-48231 | D55: ='MM CALC'!D51 -> ALVENARIA DE VEDAÇÃO COM TIJOLO CERÂMICO FURADO, ESP. 9CM, PARA REVESTIMENTO, INCLUSIVE ARGAMASSA PARA ASSENTAMENTO | E55: ='MM CALC'!E51 -> m² | F55: ='MM CALC'!F51 -> 340.07 | G55: 58.72 | H55: =ROUND(G55+(G55*$H$9),2) -> 72.47 | I55: =ROUND((F55*H55),2) -> 24644.87
A56: ='MM CALC'!A52 -> 3.2 | B56: ='MM CALC'!B52 -> SEINFRA | C56: ='MM CALC'!C52 -> ED-48206 | D56: ='MM CALC'!D52 -> ALVENARIA DE ELEMENTO VAZADO, COBOGÓ CERÂMICO (18X18)CM, ESP. 7CM, COM ACABAMENTO APARENTE, INCLUSIVE ARGAMASSA PARA ASSENTAMENTO | E56: ='MM CALC'!E52 -> m² | F56: ='MM CALC'!F52 -> 31.9 | G56: 150.27 | H56: =ROUND(G56+(G56*$H$9),2) -> 185.46 | I56: =ROUND((F56*H56),2) -> 5916.17
A57: ='MM CALC'!A53 -> 3.3 | B57: ='MM CALC'!B53 -> SEINFRA | C57: ='MM CALC'!C53 -> ED-48229 | D57: ='MM CALC'!D53 -> ALVENARIA DE VEDAÇÃO COM TIJOLO MACIÇO REQUEIMADO, ESP. 10CM, COM ACABAMENTO APARENTE, INCLUSIVE ARGAMASSA PARA ASSENTAMENTO | E57: ='MM CALC'!E53 -> M² | F57: ='MM CALC'!F53 -> 38.08 | G57: 150.27 | H57: =ROUND(G57+(G57*$H$9),2) -> 185.46 | I57: =ROUND((F57*H57),2) -> 7062.32
A58: ='MM CALC'!A54 -> 4. | D58: ='MM CALC'!D54 -> REVESTIMENTO | I58: =SUM(I59:I62) -> 65608.97
A59: ='MM CALC'!A55 -> 4.1 | B59: ='MM CALC'!B55 -> SEINFRA | C59: ='MM CALC'!C55 -> ED-50730 | D59: ='MM CALC'!D55 -> CHAPISCO COM ARGAMASSA, TRAÇO 1:2:3 (CIMENTO, AREIA E PEDRISCO), APLICADO COM COLHER, ESP. 5MM, INCLUSIVE ARGAMASSA COM PREPARO MECANIZADO | E59: ='MM CALC'!E55 -> m² | F59: ='MM CALC'!F55 -> 862.44 | G59: 15.39 | H59: =ROUND(G59+(G59*$H$9),2) -> 18.99 | I59: =ROUND((F59*H59),2) -> 16377.74
A60: ='MM CALC'!A56 -> 4.2 | B60: ='MM CALC'!B56 -> SEINFRA | C60: ='MM CALC'!C56 -> ED-6282 | D60: ='MM CALC'!D56 -> REBOCO COM ARGAMASSA, TRAÇO 1:2:8 (CIMENTO, CAL E AREIA), ESP. 25MM, APLICAÇÃO MANUAL, INCLUSIVE ARGAMASSA COM PREPARO MECANIZADO | E60: ='MM CALC'!E56 -> m² | F60: ='MM CALC'!F56 -> 862.44 | G60: 43.87 | H60: =ROUND(G60+(G60*$H$9),2) -> 54.14 | I60: =ROUND((F60*H60),2) -> 46692.5
A61: ='MM CALC'!A57 -> 4.3 | B61: ='MM CALC'!B57 -> SEINFRA | C61: ='MM CALC'!C57 -> ED-9081 | D61: ='MM CALC'!D57 -> REVESTIMENTO COM CERÂMICA APLICADO EM PAREDE, ACABAMENTO ESMALTADO, AMBIENTE INTERNO/EXTERNO, PADRÃO EXTRA, DIMENSÃO DA PEÇA ATÉ 2025 CM2, PEI III, ASSENTAMENTO COM ARGAMASSA INDUSTRIALIZADA, INCLUSIVE REJUNTAMENTO | E61: ='MM CALC'!E57 -> m² | F61: ='MM CALC'!F57 -> 19.32 | G61: 75.22 | H61: =ROUND(G61+(G61*$H$9),2) -> 92.84 | I61: =ROUND((F61*H61),2) -> 1793.67
A62: ='MM CALC'!A58 -> 4.4 | B62: ='MM CALC'!B58 -> SEINFRA | C62: ='MM CALC'!C58 -> ED-50997 | D62: ='MM CALC'!D58 -> PEITORIL DE GRANITO, NA COR CINZA ANDORINHA, COM PINGADEIRA, ESP. 2CM, ACABAMENTO POLIDO, ASSENTAMENTO COM ARGAMASSA INDUSTRIALIZADA, INCLUSIVE REJUNTAMENTO | E62: ='MM CALC'!E58 -> m² | F62: ='MM CALC'!F58 -> 2 | G62: 301.84 | H62: =ROUND(G62+(G62*$H$9),2) -> 372.53 | I62: =ROUND((F62*H62),2) -> 745.06
A64: ='MM CALC'!A60 -> 5. | D64: ='MM CALC'!D60 -> PISOS | I64: =SUM(I65:I67) -> 60360.51
A65: ='MM CALC'!A61 -> 5.1 | B65: ='MM CALC'!B61 -> SEINFRA | C65: ='MM CALC'!C61 -> ED-50569 | D65: ='MM CALC'!D61 -> CONTRAPISO DESEMPENADO COM ARGAMASSA, TRAÇO 1:3 (CIMENTO E AREIA), ESP. 50MM, INCLUSIVE ARGAMASSA COM PREPARO MECANIZADO | E65: ='MM CALC'!E61 -> m² | F65: ='MM CALC'!F61 -> 310.24 | G65: 63.8 | H65: =ROUND(G65+(G65*$H$9),2) -> 78.74 | I65: =ROUND((F65*H65),2) -> 24428.3
A66: ='MM CALC'!A62 -> 5.2 | B66: ='MM CALC'!B62 -> SEINFRA | C66: ='MM CALC'!C62 -> ED-50724 | D66: ='MM CALC'!D62 -> REVESTIMENTO COM CERÂMICA APLICADO EM PISO, ACABAMENTO ESMALTADO, AMBIENTE INTERNO, PADRÃO EXTRA, DIMENSÃO DA PEÇA ATÉ 2025 CM2, PEI IV, ASSENTAMENTO COM ARGAMASSA INDUSTRIALIZADA, INCLUSIVE REJUNTAMENTO | E66: ='MM CALC'!E62 -> m² | F66: ='MM CALC'!F62 -> 310.24 | G66: 87.35 | H66: =ROUND(G66+(G66*$H$9),2) -> 107.81 | I66: =ROUND((F66*H66),2) -> 33446.97
A67: ='MM CALC'!A63 -> 5.3 | B67: ='MM CALC'!B63 -> SEINFRA | C67: ='MM CALC'!C63 -> ED-50771 | D67: ='MM CALC'!D63 -> RODAPÉ COM REVESTIMENTO EM CERÂMICA ESMALTADA COMERCIAL, ALTURA 10CM, PEI IV, ASSENTAMENTO COM ARGAMASSA INDUSTRIALIZADA, INCLUSIVE REJUNTAMENTO | E67: ='MM CALC'!E63 -> m | F67: ='MM CALC'!F63 -> 156.6 | G67: 12.86 | H67: =ROUND(G67+(G67*$H$9),2) -> 15.87 | I67: =ROUND((F67*H67),2) -> 2485.24
A68: ='MM CALC'!A64 -> 6. | D68: ='MM CALC'!D64 -> FORRO | I68: =I69 -> 22433.45
A69: ='MM CALC'!A65 -> 6.1 | B69: ='MM CALC'!B65 -> SEINFRA | C69: ='MM CALC'!C65 -> ED-49687 | D69: ='MM CALC'!D65 -> FORRO EM CHAPA DE GESSO ACARTONADO, ESP. 12,5MM, COM FIXAÇÃO DO TIPO ARAMADO, EXCLUSIVE PERFIL TABICA, SANCA E MOLDURA, INCLUSIVE ACESSÓRIOS E FIXAÇÃO | E69: ='MM CALC'!E65 -> m² | F69: ='MM CALC'!F65 -> 310.24 | G69: 58.59 | H69: =ROUND(G69+(G69*$H$9),2) -> 72.31 | I69: =ROUND((F69*H69),2) -> 22433.45
A70: ='MM CALC'!A66 -> 7. | D70: ='MM CALC'!D66 -> PINTURA | I70: =SUM(I72:I81) -> 56600.62
A71: ='MM CALC'!A67 -> 7.1 | D71: ='MM CALC'!D67 -> PAREDES
A72: ='MM CALC'!A68 -> 7.1.1 | B72: ='MM CALC'!B68 -> SEINFRA | C72: ='MM CALC'!C68 -> ED-50514 | D72: ='MM CALC'!D68 -> PREPARAÇÃO PARA EMASSAMENTO OU PINTURA (LÁTEX/ACRÍLICA) EM PAREDE, INCLUSIVE UMA (1) DEMÃO DE SELADOR ACRÍLICO | E72: ='MM CALC'!E68 -> m² | F72: ='MM CALC'!F68 -> 846.57 | G72: 7.62 | H72: =ROUND(G72+(G72*$H$9),2) -> 9.4 | I72: =ROUND((F72*H72),2) -> 7957.76
A73: ='MM CALC'!A69 -> 7.1.2 | B73: ='MM CALC'!B69 -> SEINFRA | C73: ='MM CALC'!C69 -> ED-50474 | D73: ='MM CALC'!D69 -> EMASSAMENTO EM PAREDE COM MASSA ACRÍLICA, DUAS (2) DEMÃOS, INCLUSIVE LIXAMENTO PARA PINTURA | E73: ='MM CALC'!E69 -> m² | F73: ='MM CALC'!F69 -> 431 | G73: 23.74 | H73: =ROUND(G73+(G73*$H$9),2) -> 29.3 | I73: =ROUND((F73*H73),2) -> 12628.3
A74: ='MM CALC'!A70 -> 7.1.3 | B74: ='MM CALC'!B70 -> SEINFRA | C74: ='MM CALC'!C70 -> ED-50498 | D74: ='MM CALC'!D70 -> PINTURA LÁTEX (PVA) EM PAREDE, DUAS (2) DEMÃOS, COM APLICAÇÃO MANUAL, EXCLUSIVE SELADOR ACRÍLICO E MASSA ACRÍLICA/CORRIDA (PVA) | E74: ='MM CALC'!E70 -> m² | F74: ='MM CALC'!F70 -> 193.35 | G74: 16.64 | H74: =ROUND(G74+(G74*$H$9),2) -> 20.54 | I74: =ROUND((F74*H74),2) -> 3971.41
A75: ='MM CALC'!A71 -> 7.1.4 | B75: ='MM CALC'!B71 -> SEINFRA | C75: ='MM CALC'!C71 -> ED-50451 | D75: ='MM CALC'!D71 -> PINTURA ACRÍLICA EM PAREDE, DUAS (2) DEMÃOS, COM APLICAÇÃO MANUAL, EXCLUSIVE SELADOR ACRÍLICO E MASSA ACRÍLICA/CORRIDA (PVA) | E75: ='MM CALC'!E71 -> m² | F75: ='MM CALC'!F71 -> 653.22 | G75: 16.34 | H75: =ROUND(G75+(G75*$H$9),2) -> 20.17 | I75: =ROUND((F75*H75),2) -> 13175.45
A76: ='MM CALC'!A72 -> 7.2. | D76: ='MM CALC'!D72 -> TETO
A77: ='MM CALC'!A73 -> 7.2.1 | B77: ='MM CALC'!B73 -> SEINFRA | C77: ='MM CALC'!C73 -> ED-50485 | D77: ='MM CALC'!D73 -> EMASSAMENTO EM FORRO DE GESSO COM MASSA ACRÍLICA, UMA (1) DEMÃO, INCLUSIVE LIXAMENTO PARA PINTURA | E77: ='MM CALC'!E73 -> m² | F77: ='MM CALC'!F73 -> 310.24 | G77: 20.11 | H77: =ROUND(G77+(G77*$H$9),2) -> 24.82 | I77: =ROUND((F77*H77),2) -> 7700.16
A78: ='MM CALC'!A74 -> 7.2.2 | B78: ='MM CALC'!B74 -> SEINFRA | C78: ='MM CALC'!C74 -> ED-50452 | D78: ='MM CALC'!D74 -> PINTURA ACRÍLICA EM TETO, DUAS (2) DEMÃOS, COM APLICAÇÃO MANUAL, EXCLUSIVE SELADOR ACRÍLICO E MASSA ACRÍLICA/CORRIDA (PVA) | E78: ='MM CALC'!E74 -> m² | F78: ='MM CALC'!F74 -> 310.24 | G78: 20.52 | H78: =ROUND(G78+(G78*$H$9),2) -> 25.33 | I78: =ROUND((F78*H78),2) -> 7858.38
A79: ='MM CALC'!A75 -> 7.2.3 | B79: ='MM CALC'!B75 -> SEINFRA | C79: ='MM CALC'!C75 -> ED-50516 | D79: ='MM CALC'!D75 -> PREPARAÇÃO PARA EMASSAMENTO OU PINTURA (LÁTEX/ACRÍLICA) EM PAREDE OU FORRO EM CHAPA DE GESSO ACARTONADO (DRYWALL), INCLUSIVE UMA (1) DEMÃO DE SELADOR ACRÍLICO | E79: ='MM CALC'!E75 -> m² | F79: ='MM CALC'!F75 -> 310.24 | G79: 6.82 | H79: =ROUND(G79+(G79*$H$9),2) -> 8.42 | I79: =ROUND((F79*H79),2) -> 2612.22
A80: ='MM CALC'!A76 -> 7.3 | D80: ='MM CALC'!D76 -> PORTAS
A81: ='MM CALC'!A77 -> 7.3.1 | B81: ='MM CALC'!B77 -> SEINFRA | C81: ='MM CALC'!C77 -> ED-1454 | D81: ='MM CALC'!D77 -> PINTURA COM VERNIZ IMPREGNANTE EM SUPERFÍCIE DE MADEIRA, DUAS (2) DEMÃOS, ACABAMENTO TIPO FOSCO, COM APLICAÇÃO MANUAL, INCLUSIVE PREPARAÇÃO DA SUPERFÍCIE COM LIXAMENTO | E81: ='MM CALC'!E77 -> m² | F81: ='MM CALC'!F77 -> 20.26 | G81: 27.87 | H81: =ROUND(G81+(G81*$H$9),2) -> 34.4 | I81: =ROUND((F81*H81),2) -> 696.94
A82: ='MM CALC'!A78 -> 8. | D82: ='MM CALC'!D78 -> ESQUADRIAS | I82: =SUM(I84:I92) -> 40812.02
A83: ='MM CALC'!A79 -> 8.1 | D83: ='MM CALC'!D79 -> JANELAS
A84: ='MM CALC'!A80 -> 8.1.1 | B84: ='MM CALC'!B80 -> SEINFRA | C84: ='MM CALC'!C80 -> ED-29453 | D84: ='MM CALC'!D80 -> FERRAGENS PARA JANELA DE ALUMÍNIO PARA CONJUNTO DE DUAS (2) FOLHAS DE CORRER, INCLUSIVE ROLDANAS E ACESSÓRIOS, FORNECIMENTO E INSTALAÇÃO, EXCLUSIVE JANELA | E84: ='MM CALC'!E80 -> un | F84: ='MM CALC'!F80 -> 5 | G84: 98.78 | H84: =ROUND(G84+(G84*$H$9),2) -> 121.91 | I84: =ROUND((F84*H84),2) -> 609.55
A85: ='MM CALC'!A81 -> 8.1.2 | B85: ='MM CALC'!B81 -> SEINFRA | C85: ='MM CALC'!C81 -> ED-29451 | D85: ='MM CALC'!D81 -> FERRAGENS PARA MÓDULO DE JANELA DE ALUMÍNIO MÁXIM-AR, INCLUSIVE FECHO E BRAÇO, FORNECIMENTO E INSTALAÇÃO, EXCLUSIVE JANELA | E85: ='MM CALC'!E81 -> un | F85: ='MM CALC'!F81 -> 18 | G85: 126.85 | H85: =ROUND(G85+(G85*$H$9),2) -> 156.56 | I85: =ROUND((F85*H85),2) -> 2818.08
A86: ='MM CALC'!A82 -> 8.1.3 | B86: ='MM CALC'!B82 -> SEINFRA | C86: ='MM CALC'!C82 -> ED-29481 | D86: ='MM CALC'!D82 -> JANELA EM ALUMÍNIO MÁXIM-AR COM ALTURA DE 60CM, LINHA 25/SUPREMA, ACABAMENTO ANODIZADO NATURAL, INCLUSIVE PERFIS, VIDRO LISO 4MM E INSTALAÇÃO, EXCLUSIVE FERRAGENS PARA MÓDULO DE JANELA DE ALUMÍNIO MÁXIM-AR | E86: ='MM CALC'!E82 -> m² | F86: ='MM CALC'!F82 -> 8.64 | G86: 1044.03 | H86: =ROUND(G86+(G86*$H$9),2) -> 1288.54 | I86: =ROUND((F86*H86),2) -> 11132.99
A87: ='MM CALC'!A83 -> 8.1.4 | B87: ='MM CALC'!B83 -> SEINFRA | C87: ='MM CALC'!C83 -> ED-50997 | D87: ='MM CALC'!D83 -> PEITORIL DE GRANITO, NA COR CINZA ANDORINHA, COM PINGADEIRA, ESP. 2CM, ACABAMENTO POLIDO, ASSENTAMENTO COM ARGAMASSA INDUSTRIALIZADA, INCLUSIVE REJUNTAMENTO | E87: ='MM CALC'!E83 -> m² | F87: ='MM CALC'!F83 -> 4.87 | G87: 301.84 | H87: =ROUND(G87+(G87*$H$9),2) -> 372.53 | I87: =ROUND((F87*H87),2) -> 1814.22
A88: ='MM CALC'!A84 -> 8.1.5 | B88: ='MM CALC'!B84 -> SEINFRA | C88: ='MM CALC'!C84 -> ED-29484 | D88: ='MM CALC'!D84 -> JANELA EM ALUMÍNIO FIXA COMPLETA, LINHA 25/SUPREMA, ACABAMENTO ANODIZADO NATURAL, INCLUSIVE PERFIS E VIDRO LISO 4MM E INSTALAÇÃO | E88: ='MM CALC'!E84 -> m² | F88: ='MM CALC'!F84 -> 15.18 | G88: 899.35 | H88: =ROUND(G88+(G88*$H$9),2) -> 1109.98 | I88: =ROUND((F88*H88),2) -> 16849.5
A89: ='MM CALC'!A85 -> 8.2 | D89: ='MM CALC'!D85 -> PORTAS
A90: ='MM CALC'!A86 -> 8.2.1 | B90: ='MM CALC'!B86 -> SEINFRA | C90: ='MM CALC'!C86 -> ED-49603 | D90: ='MM CALC'!D86 -> PORTA DE MADEIRA COMPLETA, DIMENSÃO (90X210)CM, TIPO DE ABRIR, UMA (1) FOLHA, ACABAMENTO NATURAL PARA PINTURA/VERNIZ, TIPO PRANCHETA/SARRAFEADA, INCLUSIVE MARCO, ALIZAR E FERRAGENS, EXCLUSIVE PINTURA/VERNIZ | E90: ='MM CALC'!E86 -> un | F90: ='MM CALC'!F86 -> 4 | G90: 1117.16 | H90: =ROUND(G90+(G90*$H$9),2) -> 1378.8 | I90: =ROUND((F90*H90),2) -> 5515.2
A91: ='MM CALC'!A87 -> 8.2.2 | B91: ='MM CALC'!B87 -> SEINFRA | C91: ='MM CALC'!C87 -> ED-51002 | D91: ='MM CALC'!D87 -> SOLEIRA DE GRANITO, COR CINZA ANDORINHA, ESP. 2CM, ACABAMENTO POLIDO, ASSENTAMENTO COM ARGAMASSA INDUSTRIALIZADA, INCLUSIVE REJUNTAMENTO | E91: m² | F91: ='MM CALC'!F87 -> 0.83 | G91: 329.81 | H91: =ROUND(G91+(G91*$H$9),2) -> 407.05 | I91: =ROUND((F91*H91),2) -> 337.85
A92: ='MM CALC'!A88 -> 8.2.3 | B92: ='MM CALC'!B88 -> SINAPI | C92: ='MM CALC'!C88 -> 102183 | D92: ='MM CALC'!D88 -> PORTA PIVOTANTE DE VIDRO TEMPERADO, 2 FOLHAS DE 90X210 CM, ESPESSURA DE 10MM, INCLUSIVE ACESSÓRIOS. AF_01/2021 | E92: ='MM CALC'!E88 -> un | F92: ='MM CALC'!F88 -> 1 | G92: 1405.47 | H92: =ROUND(G92+(G92*$H$9),2) -> 1734.63 | I92: =ROUND((F92*H92),2) -> 1734.63
A93: ='MM CALC'!A89 -> 9. | D93: ='MM CALC'!D89 -> LOUÇAS E METAIS | I93: =SUM(I94:I106) -> 6063.91
A94: ='MM CALC'!A90 -> 9.1 | B94: ='MM CALC'!B90 -> SEINFRA | C94: ='MM CALC'!C90 -> ED-9155 | D94: ='MM CALC'!D90 -> TANQUE DE MÁRMORE SINTÉTICO SIMPLES, CAPACIDADE 20 LITROS, INCLUSIVE ACESSÓRIOS DE FIXAÇÃO, VÁLVULA DE ESCOAMENTO DE METAL COM ACABAMENTO CROMADO E SIFÃO DE METAL TIPO COPO COM ACABAMENTO CROMADO, EXCLUSIVE TORNEIRA | E94: ='MM CALC'!E90 -> un | F94: ='MM CALC'!F90 -> 1 | G94: 788.62 | H94: =ROUND(G94+(G94*$H$9),2) -> 973.31 | I94: =ROUND((F94*H94),2) -> 973.31
A95: ='MM CALC'!A91 -> 9.2 | B95: ='MM CALC'!B91 -> SEINFRA | C95: ='MM CALC'!C91 -> ED-50331 | D95: ='MM CALC'!D91 -> TORNEIRA METÁLICA PARA TANQUE, ACABAMENTO CROMADO, BICO COM ROSCA | E95: ='MM CALC'!E91 -> un | F95: ='MM CALC'!F91 -> 1 | G95: 69.42 | H95: =ROUND(G95+(G95*$H$9),2) -> 85.68 | I95: =ROUND((F95*H95),2) -> 85.68
A96: ='MM CALC'!A92 -> 9.3 | B96: ='MM CALC'!B92 -> SEINFRA | C96: ='MM CALC'!C92 -> ED-16749 | D96: ='MM CALC'!D92 -> ENGATE FLEXÍVEL EM PVC, COMPRIMENTO DE 30CM, DIÂMETRO DE 1/2" (20MM), INCLUSIVE ACESSÓRIOS PARA INSTALAÇÃO | E96: ='MM CALC'!E92 -> un | F96: ='MM CALC'!F92 -> 2 | G96: 18.92 | H96: =ROUND(G96+(G96*$H$9),2) -> 23.35 | I96: =ROUND((F96*H96),2) -> 46.7
A97: ='MM CALC'!A93 -> 9.4 | B97: ='MM CALC'!B93 -> SEINFRA | C97: ='MM CALC'!C93 -> ED-50320 | D97: ='MM CALC'!D93 -> SIFÃO DE METAL PARA LAVATÓRIO, TIPO COPO COM ACABAMENTO CROMADO, DIÂMETRO DE (1"X1.1/2"), INCLUSIVE ACESSÓRIOS | E97: ='MM CALC'!E93 -> un | F97: ='MM CALC'!F93 -> 2 | G97: 198.44 | H97: =ROUND(G97+(G97*$H$9),2) -> 244.91 | I97: =ROUND((F97*H97),2) -> 489.82
A98: ='MM CALC'!A94 -> 9.5 | B98: ='MM CALC'!B94 -> SEINFRA | C98: ='MM CALC'!C94 -> ED-50277 | D98: ='MM CALC'!D94 -> CUBA EM AÇO INOXIDÁVEL DE EMBUTIR, AISI 304, APLICAÇÃO PARA PIA (465X330X115)MM, NÚMERO 1, ASSENTAMENTO EM BANCADA, INCLUSIVE VÁLVULA DE ESCOAMENTO DE METAL COM ACABAMENTO CROMADO, SIFÃO DE METAL TIPO COPO COM ACABAMENTO CROMADO | E98: ='MM CALC'!E94 -> un | F98: ='MM CALC'!F94 -> 1 | G98: 464.32 | H98: =ROUND(G98+(G98*$H$9),2) -> 573.06 | I98: =ROUND((F98*H98),2) -> 573.06
A99: ='MM CALC'!A95 -> 9.6 | B99: ='MM CALC'!B95 -> SEINFRA | C99: ='MM CALC'!C95 -> ED-21657 | D99: ='MM CALC'!D95 -> BANCADA EM GRANITO, COR CINZA ANDORINHA, ESP. 2CM, ACABAMENTO POLIDO, APOIADA EM ALVENARIA, EXCLUSIVE ALVENARIA, RODABANCA/FRONTÃO, TESTEIRA/FAIXA, FURO EM BANCADA, CUBA METÁLICA, VÁLVULA, SIFÃO, TORNEIRA E ENGATE FLEXÍVEL | E99: ='MM CALC'!E95 -> m² | F99: ='MM CALC'!F95 -> 1.7 | G99: 386.75 | H99: =ROUND(G99+(G99*$H$9),2) -> 477.33 | I99: =ROUND((F99*H99),2) -> 811.46
A100: ='MM CALC'!A96 -> 9.7 | B100: ='MM CALC'!B96 -> SEINFRA | C100: ='MM CALC'!C96 -> ED-48348 | D100: ='MM CALC'!D96 -> RODABANCA/FRONTÃO PARA BANCADA EM GRANITO, COR CINZA ANDORINHA, ESP. 2CM, ALTURA DE 10CM, INCLUSIVE REJUNTAMENTO EM MASSA PLÁSTICA NA COR DA PEDRA | E100: ='MM CALC'!E96 -> m | F100: ='MM CALC'!F96 -> 3.9 | G100: 54.05 | H100: =ROUND(G100+(G100*$H$9),2) -> 66.71 | I100: =ROUND((F100*H100),2) -> 260.17
A101: ='MM CALC'!A97 -> 9.8 | B101: ='MM CALC'!B97 -> SEINFRA | C101: ='MM CALC'!C97 -> ED-21968 | D101: ='MM CALC'!D97 -> FAIXA PARA BANCADA EM GRANITO, COR CINZA ANDORINHA, ESP. 2CM, ALTURA DE 5CM, INCLUSIVE POLIMENTO, CORTE/COLAGEM EM MEIA ESQUADRIA E MASSA PLÁSTICA NA COR DA PEDRA | E101: ='MM CALC'!E97 -> m | F101: ='MM CALC'!F97 -> 2.7 | G101: 130.57 | H101: =ROUND(G101+(G101*$H$9),2) -> 161.15 | I101: =ROUND((F101*H101),2) -> 435.11
A102: ='MM CALC'!A98 -> 9.9 | B102: ='MM CALC'!B98 -> SEINFRA | C102: ='MM CALC'!C98 -> ED-48231 | D102: ='MM CALC'!D98 -> ALVENARIA DE VEDAÇÃO COM TIJOLO CERÂMICO FURADO, ESP. 9CM, PARA REVESTIMENTO, INCLUSIVE ARGAMASSA PARA ASSENTAMENTO | E102: ='MM CALC'!E98 -> m² | F102: ='MM CALC'!F98 -> 5.583 | G102: 58.72 | H102: =ROUND(G102+(G102*$H$9),2) -> 72.47 | I102: =ROUND((F102*H102),2) -> 404.6
A103: ='MM CALC'!A99 -> 9.10 | B103: ='MM CALC'!B99 -> SEINFRA | C103: ='MM CALC'!C99 -> ED-50730 | D103: ='MM CALC'!D99 -> CHAPISCO COM ARGAMASSA, TRAÇO 1:2:3 (CIMENTO, AREIA E PEDRISCO), APLICADO COM COLHER, ESP. 5MM, INCLUSIVE ARGAMASSA COM PREPARO MECANIZADO | E103: ='MM CALC'!E99 -> m² | F103: ='MM CALC'!F99 -> 11.16 | G103: 15.39 | H103: =ROUND(G103+(G103*$H$9),2) -> 18.99 | I103: =ROUND((F103*H103),2) -> 211.93
A104: ='MM CALC'!A100 -> 9.11 | B104: ='MM CALC'!B100 -> SEINFRA | C104: ='MM CALC'!C100 -> ED-50732 | D104: ='MM CALC'!D100 -> EMBOÇO COM ARGAMASSA, TRAÇO 1:6 (CIMENTO E AREIA), ESP. 20MM, APLICAÇÃO MANUAL, INCLUSIVE ARGAMASSA COM PREPARO MECANIZADO, EXCLUSIVE CHAPISCO | E104: ='MM CALC'!E100 -> m² | F104: ='MM CALC'!F100 -> 11.16 | G104: 36.8 | H104: =ROUND(G104+(G104*$H$9),2) -> 45.42 | I104: =ROUND((F104*H104),2) -> 506.89
A105: ='MM CALC'!A101 -> 9.12 | B105: ='MM CALC'!B101 -> SEINFRA | C105: ='MM CALC'!C101 -> ED-9081 | D105: ='MM CALC'!D101 -> REVESTIMENTO COM CERÂMICA APLICADO EM PAREDE, ACABAMENTO ESMALTADO, AMBIENTE INTERNO/EXTERNO, PADRÃO EXTRA, DIMENSÃO DA PEÇA ATÉ 2025 CM2, PEI III, ASSENTAMENTO COM ARGAMASSA INDUSTRIALIZADA, INCLUSIVE REJUNTAMENTO | E105: ='MM CALC'!E101 -> m² | F105: ='MM CALC'!F101 -> 11.16 | G105: 75.22 | H105: =ROUND(G105+(G105*$H$9),2) -> 92.84 | I105: =ROUND((F105*H105),2) -> 1036.09
A106: ='MM CALC'!A102 -> 9.13 | B106: ='MM CALC'!B102 -> SEINFRA | C106: ='MM CALC'!C102 -> ED-50324 | D106: ='MM CALC'!D102 -> TORNEIRA METÁLICA PARA PIA, BICA MÓVEL, ABERTURA 1/4 DE VOLTA, ACABAMENTO CROMADO, COM AREJADOR, APLICAÇÃO DE MESA, INCLUSIVE ENGATE FLEXÍVEL METÁLICO | E106: ='MM CALC'!E102 -> un | F106: ='MM CALC'!F102 -> 1 | G106: 185.62 | H106: =ROUND(G106+(G106*$H$9),2) -> 229.09 | I106: =ROUND((F106*H106),2) -> 229.09
...

Sheet MM CALC
A1: MEMÓRIA DE CÁLCULO
A3: PREFEITURA MUNICIPAL DE SÃO JOÃO NEPOMUCENO | E3: DATA: 06/10/2025
A4: OBRA: Ampliação Da escola Péricles
A5: LOCAL: RUA NORMA PIMENTA MENEZES, SÃO CRISTÓVÃO
A7: ITEM | B7: FONTE | C7: CÓDIGO | D7: DESCRIÇÃO | E7: UND. | F7: QUANT. | G7: FÓRMULA/MEMÓRIA
A8: -
A9: 1 | D9: SERVIÇOS PRELIMINARES
A10: 1.1 | B10: SEINFRA | C10: ED-28427 | D10: FORNECIMENTO E COLOCAÇÃO DE PLACA DE OBRA EM CHAPA GALVANIZADA #26, ESP. 0,45MM, DIMENSÃO (3X1,5)M, PLOTADA COM ADESIVO VINÍLICO, AFIXADA COM REBITES 4,8X40MM, EM ESTRUTURA METÁLICA DE METALON 20X20MM, ESP. 1,25MM, INCLUSIVE SUPORTE EM EUCALIPTO AUTOCLAVADO PINTADO COM TINTA PVA DUAS (2) DEMÃOS | E10: u | F10: 1 | G10: 1 unidade
A11: 1.2 | B11: SEINFRA | C11: ED-17989 | D11: LOCAÇÃO DE OBRA COM GABARITO DE TÁBUAS CORRIDAS PONTALETADAS A CADA 2,00M, REAPROVEITAMENTO (2X), INCLUSIVE ACOMPANHAMENTO DE EQUIPE TOPOGRÁFICA PARA MARCAÇÃO DE PONTO TOPOGRÁFICO | E11: m | F11: 60 | G11: 60,00 metros
A12: 2 | D12: ESTRUTURA
A13: 2.1. | D13: FUNDAÇÃO - SAPATAS
A14: 2.1.1 | B14: SEINFRA | C14: ED-51105 | D14: ESCAVAÇÃO MECÂNICA EM MATERIAL DE 1ª CATEGORIA, INCLUSIVE CARGA EM CAMINHÃO, EXCLUSIVE TRANSPORTE E DESCARGA | E14: m³ | F14: 31.7 | G14: ESCAVAÇÃO DAS SAPATAS 19,63m²x*1,2 de profundidade ESCAVAÇÃO DAS VIGAS BALDRAME 8,14M³ TOTALIZANDO 31,70m³
A15: 2.1.2 | B15: SEINFRA | C15: ED-49805 | D15: FORNECIMENTO DE CONCRETO ESTRUTURAL, USINADO BOMBEADO, COM FCK 25MPA, INCLUSIVE LANÇAMENTO, ADENSAMENTO E ACABAMENTO (FUNDAÇÃO | E15: m³ | F15: 7.21 | G15: SAPATAS E ARRANQUE DOS PILARES 3.11+3.29+0.81 = 7,21 m³
A16: 2.1.3 | B16: SEINFRA | C16: ED-49812 | D16: LASTRO DE CONCRETO MAGRO, INCLUSIVE TRANSPORTE, LANÇAMENTO E ADENSAMENTO | E16: m³ | F16: 0.98 | G16: ÁREA DA FUNDAÇÃO COM ESPESSURA DE 5CM 19,63*0,05cm = 0,98 m³
A17: 2.1.4 | B17: SEINFRA | C17: ED-29548 | D17: CORTE, DOBRA E MONTAGEM DE AÇO CA-60, DIÂMETRO 5MM, INCLUSIVE ESPAÇADOR | E17: kg | F17: 45.9 | G17: 6.9+19.3+19.7=45,9 kg detalhado na planta de fundação
A18: 2.1.5 | B18: SEINFRA | C18: ED-29550 | D18: CORTE, DOBRA E MONTAGEM DE AÇO CA-50, DIÂMETRO 8MM, INCLUSIVE ESPAÇADOR | E18: kg | F18: 207.3 | G18: 86.3+97.4+23.6=207,3 kg detalhado na planta de fundação
A19: 2.1.6 | B19: SEINFRA | C19: ED-29551 | D19: CORTE, DOBRA E MONTAGEM DE AÇO CA-50, DIÂMETRO 10MM, INCLUSIVE ESPAÇADOR | E19: kg | F19: 99.3 | G19: 20.7+31.2+47.4=99,3 kg detalhado na planta de fundação
A20: 2.1.7 | B20: SEINFRA | C20: ED-29552 | D20: CORTE, DOBRA E MONTAGEM DE AÇO CA-50, DIÂMETRO 12,5MM, INCLUSIVE ESPAÇADOR | E20: kg | F20: 47.4 | G20: 6.7+40.7= 47,4kg detalhado na planta de fundação
A21: 2.1.8 | B21: SEINFRA | C21: ED-51107 | D21: ESCAVAÇÃO MANUAL DE VALAS H <= 1,50 M | E21: m³ | F21: 10 | G21: 10 m³
A22: 2.1.9 | B22: SEINFRA | C22: ED-51093 | D22: APILOAMENTO MANUAL EM FUNDO DE VALA COM SOQUETE, EXCLUSIVE ESCAVAÇÃO | E22: m² | F22: 19.63 | G22: ÁREA TOTAL s1 =1,40*0,75 s2 =1,25*1,05 s3= 1,05*0,85 s4=0,95*0,75 s6=0,60*0,80 s7=1,05*0,95 s8=1,05*0,95 s9 =2,00*1,20 s10=1,30*1,50 s11=1,05*1,25s12=0,95*1,15 s13=1,05*1,25 s14=0,95*0,85 s15=0,65*0,75 s16=0,60*0,70 s17=0,90*0,70 s18 = 0,80,65 s19=0,75*0,60 s20=0,75*0,65 s22=0,55*0,70 TOTALIZANDO 19,63M²
A23: 2.2. | D23: FUNDAÇÃO - VIGAS BALDRAME E PISO
A24: 2.2.1 | B24: SEINFRA | C24: ED-49619 | D24: FORNECIMENTO DE CONCRETO ESTRUTURAL, PREPARADO EM OBRA, COM FCK 25MPA, INCLUSIVE LANÇAMENTO, ADENSAMENTO E ACABAMENTO | E24: m³ | F24: 8.14 | G24: 8,14M³ de concreto fck 25mpa
A25: 2.2.2 | B25: SEINFRA | C25: ED-29548 | D25: CORTE, DOBRA E MONTAGEM DE AÇO CA-60, DIÂMETRO 5MM, INCLUSIVE ESPAÇADOR | E25: kg | F25: 355.41 | G25: 99.6+ 255,81kg para a laje do chão com ferragem de 5.0mm a cada 20cm
A26: 2.2.3 | B26: SEINFRA | C26: ED-29550 | D26: CORTE, DOBRA E MONTAGEM DE AÇO CA-50, DIÂMETRO 8MM, INCLUSIVE ESPAÇADOR | E26: kg | F26: 48.5 | G26: 48,5 detalhado na planta de vigas
A27: 2.2.4 | B27: SEINFRA | C27: ED-29551 | D27: CORTE, DOBRA E MONTAGEM DE AÇO CA-50, DIÂMETRO 10MM, INCLUSIVE ESPAÇADOR | E27: kg | F27: 233.6 | G27: 233,6 detalhado na planta de vigas
A28: 2.2.5 | B28: SEINFRA | C28: ED-29552 | D28: CORTE, DOBRA E MONTAGEM DE AÇO CA-50, DIÂMETRO 12,5MM, INCLUSIVE ESPAÇADOR | E28: kg | F28: 82.4 | G28: 82,4 detalhado na planta de vigas
A29: 2.2.6 | B29: SEINFRA | C29: ED-49643 | D29: FÔRMA E DESFORMA DE TÁBUA E SARRAFO, REAPROVEITAMENTO (3X), EXCLUSIVE ESCORAMENTO | E29: m² | F29: 99.98 | G29: ÁREA LATERAL DAS VIGAS (7,42+23,3*3+3,91+1,56+0,2*2+1,56+4,43+5,21+5,21+5,3*4+2,52+1,45+0,2)*2*0,4
A30: 2.2.7 | B30: SEINFRA | C30: ED-50600 | D30: APLICAÇÃO DE LONA PRETA, ESP. 150 MICRAS, INCLUSIVE FORNECIMENTO | E30: m² | F30: 166.11 | G30: 166,11m²
A31: 2.2.8 | B31: SEINFRA | C31: ED-50571 | D31: PISO EM CONCRETO PREPARADO EM OBRA COM BETONEIRA COM FCK DE 13,5MPA, SEM ARMAÇÃO, ACABAMENTO RÚSTICO, ESP. 8CM, INCLUSIVE FORNECIMENTO, LANÇAMENTO, ADENSAMENTO, SARRAFEAMENTO, EXCLUSIVE JUNTA DE DILATAÇÃO | E31: m² | F31: 166.11 | G31: 166,11m²
A32: 2.2.9 | B32: SEINFRA | C32: ED-50174 | D32: IMPERMEABILIZAÇÃO COM EMULSÃO ASFÁLTICA, DUAS (2) DEMÃOS | E32: m² | F32: 124.97 | G32: ÁREA LATERAL DAS VIGAS (7,42+23,3*3+3,91+1,56+0,2*2+1,56+4,43+5,21+5,21+5,3*4+2,52+1,45+0,2)*2*0,4+ ÁREA SUPERIOR DAS VIGAS 0,2*(7,42+23,3*3+3,91+1,56+0,2*2+1,56+4,43+5,21+5,21+5,3*4+2,52+1,45+0,2) TOTALIZANDO 12,97M²
A33: 2.3. | D33: PILARES
A34: 2.3.1 | B34: SEINFRA | C34: ED-49643 | D34: FÔRMA E DESFORMA DE TÁBUA E SARRAFO, REAPROVEITAMENTO (3X), EXCLUSIVE ESCORAMENTO | E34: m² | F34: 134.64 | G34: 66,24+68,40=134,64m² detalhado na planta de pilares
A35: 2.3.2 | B35: SEINFRA | C35: ED-49619 | D35: FORNECIMENTO DE CONCRETO ESTRUTURAL, PREPARADO EM OBRA, COM FCK 25MPA, INCLUSIVE LANÇAMENTO, ADENSAMENTO E ACABAMENTO | E35: m³ | F35: 8.36 | G35: 4,26+4,10=8,36m³ detalhado na planta de pilares
A36: 2.3.3 | B36: SEINFRA | C36: ED-29548 | D36: CORTE, DOBRA E MONTAGEM DE AÇO CA-60, DIÂMETRO 5MM, INCLUSIVE ESPAÇADOR | E36: kg | F36: 209.7 | G36: 101,80+107,90=209,70kg detalhado na planta de pilares
A37: 2.3.4 | B37: SEINFRA | C37: ED-29551 | D37: CORTE, DOBRA E MONTAGEM DE AÇO CA-50, DIÂMETRO 10MM, INCLUSIVE ESPAÇADOR | E37: kg | F37: 277.5 | G37: 193,70+235,80=429,50kg detalhado na planta de pilares
A38: 2.3.5 | B38: SEINFRA | C38: ED-29552 | D38: CORTE, DOBRA E MONTAGEM DE AÇO CA-50, DIÂMETRO 12,5MM, INCLUSIVE ESPAÇADOR | E38: kg | F38: 28.7 | G38: 6,00+22,70=28,70kg detalhado na planta de pilares
A39: 2.4. | D39: VIGAS E LAJES
A40: 2.4.1 | B40: SEINFRA | C40: ED-31583 | D40: FÔRMA E DESFORMA PARA LAJE DE MADEIRA COM TÁBUA E SARRAFO, REAPROVEITAMENTO (3X), EXCLUSIVE ESCORAMENTO | E40: m² | F40: 391.76 | G40: 101,77+77,24+66,78+145,97 = 391,76m² detalhado na planta de vigas e lajes | H40: =101.77+77.24+66.78+145.97 -> 391.76
A41: 2.4.2 | B41: SEINFRA | C41: ED-49638 | D41: FORNECIMENTO DE CONCRETO ESTRUTURAL, USINADO BOMBEADO, COM FCK 25MPA, INCLUSIVE LANÇAMENTO, ADENSAMENTO E ACABAMENTO | E41: m³ | F41: 49.85 | G41: 8,14+9,54+6,64+8,01+17,52 = 49,85 m³detalhado na planta de vigas e lajes | H41: =8.14+9.54+6.64+8.01+17.52 -> 49.85
A42: 2.4.3 | B42: SEINFRA | C42: ED-19633 | D42: ESCORAMENTO METÁLICO PARA LAJE E VIGA EM CONCRETO ARMADO, TIPO "A", ALTURA DE (200 ATÉ 310)CM, INCLUSIVE DESCARGA, MONTAGEM, DESMONTAGEM E CARGA | E42: m²xmês | F42: 162 | G42: 162,00 metros quadrados
A43: 2.4.4 | B43: SEINFRA | C43: ED-19634 | D43: ESCORAMENTO METÁLICO PARA LAJE E VIGA EM CONCRETO ARMADO, TIPO "B", ALTURA DE (311 ATÉ 450)CM, INCLUSIVE DESCARGA, MONTAGEM, DESMONTAGEM E CARGA | E43: m²xmês | F43: 162 | G43: 77 metros quadrados
A44: 2.4.5 | B44: SEINFRA | C44: ED-29548 | D44: CORTE, DOBRA E MONTAGEM DE AÇO CA-60, DIÂMETRO 5MM, INCLUSIVE ESPAÇADOR | E44: kg | F44: 704.3 | G44: 110,80+82,40+247,20+162,10+101,80=704,30kg detalhado na planta de vigas e lajes
A45: 2.4.6 | B45: SEINFRA | C45: ED-29549 | D45: CORTE, DOBRA E MONTAGEM DE AÇO CA-50, DIÂMETRO 6,3MM, INCLUSIVE ESPAÇADOR | E45: kg | F45: 416.4 | G45: 0,70+ 30,80+351,90+33,00=416,40kg detalhado noa plana de vigas e lajes | H45: =0.7+ 30.8+351.9+33 -> 416.4
A46: 2.4.7 | B46: SEINFRA | C46: ED-29550 | D46: CORTE, DOBRA E MONTAGEM DE AÇO CA-50, DIÂMETRO 8MM, INCLUSIVE ESPAÇADOR | E46: kg | F46: 374.2 | G46: 41+39,20+78,70+215,30=374,20kg detalhado na planta de vigas e lajes
A47: 2.4.8 | B47: SEINFRA | C47: ED-29551 | D47: CORTE, DOBRA E MONTAGEM DE AÇO CA-50, DIÂMETRO 10MM, INCLUSIVE ESPAÇADOR | E47: kg | F47: 433.7 | G47: 137,20+171,80+124,70=433,70kg detalhado na planta de vigas e lajes | H47: =137.2+171.8+124.7 -> 433.7
A48: 2.4.9 | B48: SEINFRA | C48: ED-29552 | D48: CORTE, DOBRA E MONTAGEM DE AÇO CA-50, DIÂMETRO 12,5MM, INCLUSIVE ESPAÇADOR | E48: kg | F48: 242.1 | G48: 180,30+61,80=242,10kg detalhado na planta de vigas e lajes
A49: 2.4.10 | B49: SEINFRA | C49: ED-48296 | D49: CORTE, DOBRA E MONTAGEM DE AÇO CA-50, DIÂMETRO (16,0MM A 25,0MM), INCLUSIVE ESPAÇADOR | E49: kg | F49: 61.3 | G49: 28,10+33,20=61,30kg detalhado na planta de vigas e lajes
A50: 3. | D50: ALVENARIAS E DIVISÓRIAS
A51: 3.1 | B51: SEINFRA | C51: ED-48231 | D51: ALVENARIA DE VEDAÇÃO COM TIJOLO CERÂMICO FURADO, ESP. 9CM, PARA REVESTIMENTO, INCLUSIVE ARGAMASSA PARA ASSENTAMENTO | E51: m² | F51: 340.07 | G51: 1° PAVIMENTO (5,70+5,70+5,70+5,70+8,75+2,60+2,60+2,60+10,00+10,00+3,00+4,00)x2,6m = 172,51m² DESCONTOS portas (3 x 0,90m)x 2,10m = 5,67m² janelas (8x0,80mx0,60m) + (2x2,53mx1,20m) = 9,91m² 2° PAVIMENTO (10,00+5,40+5,40+8,75+4,45+10,00+3,84+1,57+1,57)x3,10m = 158,04m² PEITORIL A 1,20M DE ALTURA (10,0) X 1,20 = 12,00M² DESCONTOS portas (1,90m + 0,90m)x 2,10m = 5,88m² janelas (6x0,80mx0,60m) + (3x2,53mx1,20m) = 11,99m² COBERTURA 23,90 X 0,20 + 23,90*0,80 + 4,01 + 3,82*0,80= 30,97m² TOTAL = 172,51+158,04+30,97+12,00-5,67-5,88-11,99-9,91 = 340,07M² | H51: =(5.7+5.7+5.7+5.7+8.75+2.6+2.6+2.6+10+10+3+4)*2.6 -> 172.51 | I51: =23.9*0.2 + 23.9*0.8 + 4.01 + 3.82*0.8 -> 30.966 | J51: =(10+5.4+5.4+8.75+4.45+10+3.84+1.57+1.57)*3.1 -> 158.038 | K51: =172.51+158.04+30.97+12-5.67-5.88-11.99-9.91 -> 340.07
A52: 3.2 | B52: SEINFRA | C52: ED-48206 | D52: ALVENARIA DE ELEMENTO VAZADO, COBOGÓ CERÂMICO (18X18)CM, ESP. 7CM, COM ACABAMENTO APARENTE, INCLUSIVE ARGAMASSA PARA ASSENTAMENTO | E52: m² | F52: 31.9 | G52: 11*2,90m=31,90
A53: 3.3 | B53: SEINFRA | C53: ED-48229 | D53: ALVENARIA DE VEDAÇÃO COM TIJOLO MACIÇO REQUEIMADO, ESP. 10CM, COM ACABAMENTO APARENTE, INCLUSIVE ARGAMASSA PARA ASSENTAMENTO | E53: M² | F53: 38.08 | G53: ÁREA DE PAREDE = 12,50*3,20 = 40,00M² DESCONTO = 4*0,6*0,8= 1,92M² TOTAL = 40,00-1,92= 38,08M²
A54: 4. | D54: REVESTIMENTO
A55: 4.1 | B55: SEINFRA | C55: ED-50730 | D55: CHAPISCO COM ARGAMASSA, TRAÇO 1:2:3 (CIMENTO, AREIA E PEDRISCO), APLICADO COM COLHER, ESP. 5MM, INCLUSIVE ARGAMASSA COM PREPARO MECANIZADO | E55: m² | F55: 862.44 | G55: 1° PAVIMENTO (5,70+5,70+5,70+5,70+8,75+2,60+2,60+2,60+10,00+10,00+3,00+4,00)x3,00m = 199,05m² DESCONTOS portas (3 x 0,90m)x 2,10m = 5,67m² janelas (8x0,80mx0,60m) + (2x2,53mx1,20m) = 9,91m² 2° PAVIMENTO (10,00+5,40+5,40+8,75+4,45+10,00+12,85+3,84+1,57+1,57)x3,60m = 229,79m² PEITORIL A 1,20M DE ALTURA (10,00) X 1,20 = 12,00M² DESCONTOS portas (1,90m + 0,90m)x 2,10m = 5,88m² janelas (10x0,80mx0,60m) + (3x2,53mx1,20m) = 13,91m² COBERTURA 23,90 X 0,20 + 23,90*0,80 + 4,01 + 3,82*0,80= 30,97m² TOTAL = 199,05+229,79+12,00+30,97-5,67-9,91-5,88-13,91 = 436,44M² ------------------------------------------------------------------- Toda essa área multiplcada por 2 lados 436,44x2m² = 872,88m² PILARES 4*(0,15+0,15+0,30+0,30)*2,90 = 10,44M² 8*(0,15+0,15+0,30+0,30)*2,40 = 17,28M² DESCONTO DE 1 PAREDE DE TIJOLO APARENTE - 38,08M² TOTAL = 10,44+17,28+872,88-38,08 = 862,44m² | H55: =(5.7+5.7+5.7+5.7+8.75+2.6+2.6+2.6+10+10+3+4)*3 -> 199.05 | I55: =(10+5.4+5.4+8.75+4.45+10+12.85+3.84+1.57+1.57)*3.6 -> 229.788
A56: 4.2 | B56: SEINFRA | C56: ED-6282 | D56: REBOCO COM ARGAMASSA, TRAÇO 1:2:8 (CIMENTO, CAL E AREIA), ESP. 25MM, APLICAÇÃO MANUAL, INCLUSIVE ARGAMASSA COM PREPARO MECANIZADO | E56: m² | F56: =F55 -> 862.44 | G56: mesmo do chapisco
A57: 4.3 | B57: SEINFRA | C57: ED-9081 | D57: REVESTIMENTO COM CERÂMICA APLICADO EM PAREDE, ACABAMENTO ESMALTADO, AMBIENTE INTERNO/EXTERNO, PADRÃO EXTRA, DIMENSÃO DA PEÇA ATÉ 2025 CM2, PEI III, ASSENTAMENTO COM ARGAMASSA INDUSTRIALIZADA, INCLUSIVE REJUNTAMENTO | E57: m² | F57: 19.32 | G57: REVESTIMENTO ATÉ 2,00M DE ALTURA DA LAVANDERIA E DA DISPENSA (2,63*2+2,6*2)*2-0,8*2=19,32M²
A58: 4.4 | B58: SEINFRA | C58: ED-50997 | D58: PEITORIL DE GRANITO, NA COR CINZA ANDORINHA, COM PINGADEIRA, ESP. 2CM, ACABAMENTO POLIDO, ASSENTAMENTO COM ARGAMASSA INDUSTRIALIZADA, INCLUSIVE REJUNTAMENTO | E58: m² | F58: 2 | G58: PEITORIL DA ÁREA DE CIRCULAÇÃO DO SEGUNDO PAVIMENTO 10*0,20= 2,00M²
A60: 5. | D60: PISOS
A61: 5.1 | B61: SEINFRA | C61: ED-50569 | D61: CONTRAPISO DESEMPENADO COM ARGAMASSA, TRAÇO 1:3 (CIMENTO E AREIA), ESP. 50MM, INCLUSIVE ARGAMASSA COM PREPARO MECANIZADO | E61: m² | F61: 310.24 | G61: TOTAL DE AMBENTES 54,01+6,89+6,83+ 84,93+54,01+8,55+37,06+42,04+15,92=310,24m² | H61: =54.01+6.89+6.83+ 84.93+54.01+8.55+37.06+42.04+15.92 -> 310.24
A62: 5.2 | B62: SEINFRA | C62: ED-50724 | D62: REVESTIMENTO COM CERÂMICA APLICADO EM PISO, ACABAMENTO ESMALTADO, AMBIENTE INTERNO, PADRÃO EXTRA, DIMENSÃO DA PEÇA ATÉ 2025 CM2, PEI IV, ASSENTAMENTO COM ARGAMASSA INDUSTRIALIZADA, INCLUSIVE REJUNTAMENTO | E62: m² | F62: =F61 -> 310.24 | G62: mesmo do contrapiso
A63: 5.3 | B63: SEINFRA | C63: ED-50771 | D63: RODAPÉ COM REVESTIMENTO EM CERÂMICA ESMALTADA COMERCIAL, ALTURA 10CM, PEI IV, ASSENTAMENTO COM ARGAMASSA INDUSTRIALIZADA, INCLUSIVE REJUNTAMENTO | E63: m | F63: 156.6 | G63: RODAPÉ DOS AMBIENTES INTERNOS 10+5,4+5,4+10+10+5,4+5,4+5,4+12,85+4,45+8,75+3,84+1,57*2 = 90,03M RODAPÉ DA CIRCULAÇÃO 23,30+10,00+1,57+10,30+5,7+5,70+5,70+2,90+4+3 = 72,17M DESCONTOS 2,00+0,90+0,90+0,90+0,90=5,60M TOTAL = 90,03+72,17-5,60 = 156,60M | H63: =10+5.4+5.4+10+10+5.4+5.4+5.4+12.85+4.45+8.75+3.84+1.57*2 -> 90.03 | I63: =23.3+10+1.57+10.3+5.7+5.7+5.7+2.9+4+3 -> 72.17 | K63: =90.03+72.17-5.6 -> 156.6
A64: 6. | D64: FORRO | J64: =54.01+6.89+6.83+ 84.93+54.01+8.55+37.06+42.04+15.92 -> 310.24
A65: 6.1 | B65: SEINFRA | C65: ED-49687 | D65: FORRO EM CHAPA DE GESSO ACARTONADO, ESP. 12,5MM, COM FIXAÇÃO DO TIPO ARAMADO, EXCLUSIVE PERFIL TABICA, SANCA E MOLDURA, INCLUSIVE ACESSÓRIOS E FIXAÇÃO | E65: m² | F65: 310.24 | G65: TODAS AS ÁREAS DE AMBIENTES 54,01+6,89+6,83+ 84,93+54,01+8,55+37,06+42,04+15,92=310,24M²
A66: 7. | D66: PINTURA
A67: 7.1 | D67: PAREDES
A68: 7.1.1 | B68: SEINFRA | C68: ED-50514 | D68: PREPARAÇÃO PARA EMASSAMENTO OU PINTURA (LÁTEX/ACRÍLICA) EM PAREDE, INCLUSIVE UMA (1) DEMÃO DE SELADOR ACRÍLICO | E68: m² | F68: 846.57 | G68: MESMO DO CHAPISCO COM DESCONTO DO INTERIOR DA COBERTURA 31,73/2 = 15,87M² TOTAL = 862,44-15,87 = 846,57M²
A69: 7.1.2 | B69: SEINFRA | C69: ED-50474 | D69: EMASSAMENTO EM PAREDE COM MASSA ACRÍLICA, DUAS (2) DEMÃOS, INCLUSIVE LIXAMENTO PARA PINTURA | E69: m² | F69: 431 | G69: 1° PAVIMENTO (5,40+5,40+5,70+5,70+10+5,70+3+4+5,70+10+10+2,90)x2,8m = 191,80m² DESCONTOS portas (2 x 0,90m)x 2,10m = 3,78m² janelas (8x0,80mx0,60m) + (2x2,53mx1,20m) = 9,91m² 2° PAVIMENTO (10,00+10,00+5,40+5,40+5,40+10+4,45+12,85+3,84+8,75+1,57*2)x3,40m = 269,38m² PEITORIL A 1,20M DE ALTURA (10,00) X 1,20 = 12,00M² DESCONTOS portas (1,90m + 4*0,90m)x 2,10m = 11,55m² janelas (10x0,80mx0,60m) + (4x2,53mx1,20m) = 16,94m² TOTAL = 191,80+269,38+12,00-3,78-9,91-11,55-16,94 = 431,00M² | H69: =(5.4+5.4+5.7+5.7+10+5.7+3+4+5.7+10+10+2.9)*2.8 -> 205.8 | I69: =(10+10+5.4+5.4+5.4+10+4.45+12.85+3.84+8.75+1.57*2)*3.4 -> 269.382
A70: 7.1.3 | B70: SEINFRA | C70: ED-50498 | D70: PINTURA LÁTEX (PVA) EM PAREDE, DUAS (2) DEMÃOS, COM APLICAÇÃO MANUAL, EXCLUSIVE SELADOR ACRÍLICO E MASSA ACRÍLICA/CORRIDA (PVA) | E70: m² | F70: 193.35 | G70: 1° PAVIMENTO (5,40+5,40+5,70+5,70+10+5,70+3+4+5,70+10+10+2,9)x1,30m = 88,14m² DESCONTOS portas (2 x 0,90m)x 1,30m = 2,16m² janelas (2x2,53mx0,30m) = 1,52M² 2° PAVIMENTO (10,00+10,00+5,40+5,40+5,40+10+4,45+12,85+3,84+8,75+1,57*2)x1,30m = 103,00m² PEITORIL A 1,20M DE ALTURA (10,00) X 1,20 = 12,00M² DESCONTOS portas (1,90m + 4*0,90m)x 1,30m = 7,15m² janelas (4x2,53mx0,30m) = 3,04m² PILARES 4*(0,15+0,15+0,30+0,30)*1,30 = 4,68M² TOTAL = 88,14+103,00+12,00-2,16-1,52-3,04-7,15+4,68 = 193,35M² | H70: =(5.4+5.4+5.7+5.7+10+5.7+3+4+10+10+2.9)*1.3 -> 88.14 | I70: =(10+10+5.4+5.4+5.4+10+4.45+12.85+3.84+8.75+1.57*2)*1.3 -> 102.999 | J70: =88.14+97.41+12-2.16-1.52-3.04-7.15+4.68 -> 188.36 | K70: =88.14+103+12-2.16-1.52-3.04-7.15+4.68 -> 193.95
A71: 7.1.4 | B71: SEINFRA | C71: ED-50451 | D71: PINTURA ACRÍLICA EM PAREDE, DUAS (2) DEMÃOS, COM APLICAÇÃO MANUAL, EXCLUSIVE SELADOR ACRÍLICO E MASSA ACRÍLICA/CORRIDA (PVA) | E71: m² | F71: 653.22 | G71: TOTAL DAS PAREDES - A PINTURA EM LATEX 846,57-193,35 = 653,22m²
A72: 7.2. | D72: TETO
A73: 7.2.1 | B73: SEINFRA | C73: ED-50485 | D73: EMASSAMENTO EM FORRO DE GESSO COM MASSA ACRÍLICA, UMA (1) DEMÃO, INCLUSIVE LIXAMENTO PARA PINTURA | E73: m² | F73: 310.24 | G73: TOTAL DE AMBENTES 54,01+6,89+6,83+ 84,93+54,01+8,55+37,06+42,04+15,92
A74: 7.2.2 | B74: SEINFRA | C74: ED-50452 | D74: PINTURA ACRÍLICA EM TETO, DUAS (2) DEMÃOS, COM APLICAÇÃO MANUAL, EXCLUSIVE SELADOR ACRÍLICO E MASSA ACRÍLICA/CORRIDA (PVA) | E74: m² | F74: =F73 -> 310.24 | G74: TOTAL DOS AMBIIENTES | K74: =54.01+6.89+6.83+ 84.93+54.01+8.55+37.06+42.04+15.92 -> 310.24
A75: 7.2.3 | B75: SEINFRA | C75: ED-50516 | D75: PREPARAÇÃO PARA EMASSAMENTO OU PINTURA (LÁTEX/ACRÍLICA) EM PAREDE OU FORRO EM CHAPA DE GESSO ACARTONADO (DRYWALL), INCLUSIVE UMA (1) DEMÃO DE SELADOR ACRÍLICO | E75: m² | F75: =F73 -> 310.24 | G75: TOTAL DOS AMBIENTES
A76: 7.3 | D76: PORTAS
A77: 7.3.1 | B77: SEINFRA | C77: ED-1454 | D77: PINTURA COM VERNIZ IMPREGNANTE EM SUPERFÍCIE DE MADEIRA, DUAS (2) DEMÃOS, ACABAMENTO TIPO FOSCO, COM APLICAÇÃO MANUAL, INCLUSIVE PREPARAÇÃO DA SUPERFÍCIE COM LIXAMENTO | E77: m² | F77: 20.26 | G77: PORTA E ALIZAR 4*2,15*1*2 MARCOS (0,15*2,1*2+0,9*0,15)*4
A78: 8. | D78: ESQUADRIAS
A79: 8.1 | D79: JANELAS
A80: 8.1.1 | B80: SEINFRA | C80: ED-29453 | D80: FERRAGENS PARA JANELA DE ALUMÍNIO PARA CONJUNTO DE DUAS (2) FOLHAS DE CORRER, INCLUSIVE ROLDANAS E ACESSÓRIOS, FORNECIMENTO E INSTALAÇÃO, EXCLUSIVE JANELA | E80: un | F80: 5 | G80: 5 janelas
A81: 8.1.2 | B81: SEINFRA | C81: ED-29451 | D81: FERRAGENS PARA MÓDULO DE JANELA DE ALUMÍNIO MÁXIM-AR, INCLUSIVE FECHO E BRAÇO, FORNECIMENTO E INSTALAÇÃO, EXCLUSIVE JANELA | E81: un | F81: 18 | G81: 18 janelas
A82: 8.1.3 | B82: SEINFRA | C82: ED-29481 | D82: JANELA EM ALUMÍNIO MÁXIM-AR COM ALTURA DE 60CM, LINHA 25/SUPREMA, ACABAMENTO ANODIZADO NATURAL, INCLUSIVE PERFIS, VIDRO LISO 4MM E INSTALAÇÃO, EXCLUSIVE FERRAGENS PARA MÓDULO DE JANELA DE ALUMÍNIO MÁXIM-AR | E82: m² | F82: 8.64 | G82: JANELA MENOR 18*0,8*0,6=8,64M² TOTAL=8,64M²
A83: 8.1.4 | B83: SEINFRA | C83: ED-50997 | D83: PEITORIL DE GRANITO, NA COR CINZA ANDORINHA, COM PINGADEIRA, ESP. 2CM, ACABAMENTO POLIDO, ASSENTAMENTO COM ARGAMASSA INDUSTRIALIZADA, INCLUSIVE REJUNTAMENTO | E83: m² | F83: 4.87 | G83: COMPRIMENTO DAS JANELAS X 18CM 18*0,8*0,18=2,59M² 5*2,53*0,18=2,28M² 2,59+2,28=4,87M²
A84: 8.1.5 | B84: SEINFRA | C84: ED-29484 | D84: JANELA EM ALUMÍNIO FIXA COMPLETA, LINHA 25/SUPREMA, ACABAMENTO ANODIZADO NATURAL, INCLUSIVE PERFIS E VIDRO LISO 4MM E INSTALAÇÃO | E84: m² | F84: 15.18 | G84: JANELA MAIOR 2,53*5*1,2 = 15,18M² TOTAL = 15,18M²
A85: 8.2 | D85: PORTAS
A86: 8.2.1 | B86: SEINFRA | C86: ED-49603 | D86: PORTA DE MADEIRA COMPLETA, DIMENSÃO (90X210)CM, TIPO DE ABRIR, UMA (1) FOLHA, ACABAMENTO NATURAL PARA PINTURA/VERNIZ, TIPO PRANCHETA/SARRAFEADA, INCLUSIVE MARCO, ALIZAR E FERRAGENS, EXCLUSIVE PINTURA/VERNIZ | E86: un | F86: 4 | G86: 4
A87: 8.2.2 | B87: SEINFRA | C87: ED-51002 | D87: SOLEIRA DE GRANITO, COR CINZA ANDORINHA, ESP. 2CM, ACABAMENTO POLIDO, ASSENTAMENTO COM ARGAMASSA INDUSTRIALIZADA, INCLUSIVE REJUNTAMENTO | E87: m² | F87: 0.83 | G87: COMPRIMENTO DAS PORTAS X 0,15M (4*0,9+1,9)*0,15=0,83M²
A88: 8.2.3 | B88: SINAPI | C88: 102183 | D88: PORTA PIVOTANTE DE VIDRO TEMPERADO, 2 FOLHAS DE 90X210 CM, ESPESSURA DE 10MM, INCLUSIVE ACESSÓRIOS. AF_01/2021 | E88: un | F88: 1 | G88: Porta da biblioteca
A89: 9. | D89: LOUÇAS E METAIS
A90: 9.1 | B90: SEINFRA | C90: ED-9155 | D90: TANQUE DE MÁRMORE SINTÉTICO SIMPLES, CAPACIDADE 20 LITROS, INCLUSIVE ACESSÓRIOS DE FIXAÇÃO, VÁLVULA DE ESCOAMENTO DE METAL COM ACABAMENTO CROMADO E SIFÃO DE METAL TIPO COPO COM ACABAMENTO CROMADO, EXCLUSIVE TORNEIRA | E90: un | F90: 1 | G90: 1 na lavanderia
A91: 9.2 | B91: SEINFRA | C91: ED-50331 | D91: TORNEIRA METÁLICA PARA TANQUE, ACABAMENTO CROMADO, BICO COM ROSCA | E91: un | F91: 1 | G91: 1 na lavanderia
A92: 9.3 | B92: SEINFRA | C92: ED-16749 | D92: ENGATE FLEXÍVEL EM PVC, COMPRIMENTO DE 30CM, DIÂMETRO DE 1/2" (20MM), INCLUSIVE ACESSÓRIOS PARA INSTALAÇÃO | E92: un | F92: 2 | G92: 1 na lavanderia 1 no laboratório
A93: 9.4 | B93: SEINFRA | C93: ED-50320 | D93: SIFÃO DE METAL PARA LAVATÓRIO, TIPO COPO COM ACABAMENTO CROMADO, DIÂMETRO DE (1"X1.1/2"), INCLUSIVE ACESSÓRIOS | E93: un | F93: 2 | G93: 1 na lavanderia 1 no laboratório
A94: 9.5 | B94: SEINFRA | C94: ED-50277 | D94: CUBA EM AÇO INOXIDÁVEL DE EMBUTIR, AISI 304, APLICAÇÃO PARA PIA (465X330X115)MM, NÚMERO 1, ASSENTAMENTO EM BANCADA, INCLUSIVE VÁLVULA DE ESCOAMENTO DE METAL COM ACABAMENTO CROMADO, SIFÃO DE METAL TIPO COPO COM ACABAMENTO CROMADO | E94: un | F94: 1 | G94: 1 no laboratório
A95: 9.6 | B95: SEINFRA | C95: ED-21657 | D95: BANCADA EM GRANITO, COR CINZA ANDORINHA, ESP. 2CM, ACABAMENTO POLIDO, APOIADA EM ALVENARIA, EXCLUSIVE ALVENARIA, RODABANCA/FRONTÃO, TESTEIRA/FAIXA, FURO EM BANCADA, CUBA METÁLICA, VÁLVULA, SIFÃO, TORNEIRA E ENGATE FLEXÍVEL | E95: m² | F95: 1.7 | G95: 2,70*0,63 = 1,70m²
A96: 9.7 | B96: SEINFRA | C96: ED-48348 | D96: RODABANCA/FRONTÃO PARA BANCADA EM GRANITO, COR CINZA ANDORINHA, ESP. 2CM, ALTURA DE 10CM, INCLUSIVE REJUNTAMENTO EM MASSA PLÁSTICA NA COR DA PEDRA | E96: m | F96: 3.9 | G96: 0,63*2+2,70 = 3,96 m
A97: 9.8 | B97: SEINFRA | C97: ED-21968 | D97: FAIXA PARA BANCADA EM GRANITO, COR CINZA ANDORINHA, ESP. 2CM, ALTURA DE 5CM, INCLUSIVE POLIMENTO, CORTE/COLAGEM EM MEIA ESQUADRIA E MASSA PLÁSTICA NA COR DA PEDRA | E97: m | F97: 2.7 | G97: 2.7
A98: 9.9 | B98: SEINFRA | C98: ED-48231 | D98: ALVENARIA DE VEDAÇÃO COM TIJOLO CERÂMICO FURADO, ESP. 9CM, PARA REVESTIMENTO, INCLUSIVE ARGAMASSA PARA ASSENTAMENTO | E98: m² | F98: =(0.78*2+3)*1.1 + 0.63*0.9 -> 5.583 | G98: (0,78*2+3)*1,10 + 0,63*0,90 = 5,58m²área de alvenaria do balcão
A99: 9.10 | B99: SEINFRA | C99: ED-50730 | D99: CHAPISCO COM ARGAMASSA, TRAÇO 1:2:3 (CIMENTO, AREIA E PEDRISCO), APLICADO COM COLHER, ESP. 5MM, INCLUSIVE ARGAMASSA COM PREPARO MECANIZADO | E99: m² | F99: 11.16 | G99: 5,58x2 área de alvenaria do balcão x diois lados
A100: 9.11 | B100: SEINFRA | C100: ED-50732 | D100: EMBOÇO COM ARGAMASSA, TRAÇO 1:6 (CIMENTO E AREIA), ESP. 20MM, APLICAÇÃO MANUAL, INCLUSIVE ARGAMASSA COM PREPARO MECANIZADO, EXCLUSIVE CHAPISCO | E100: m² | F100: 11.16 | G100: 5,58x2 área de alvenaria do balcão x diois lados
A101: 9.12 | B101: SEINFRA | C101: ED-9081 | D101: REVESTIMENTO COM CERÂMICA APLICADO EM PAREDE, ACABAMENTO ESMALTADO, AMBIENTE INTERNO/EXTERNO, PADRÃO EXTRA, DIMENSÃO DA PEÇA ATÉ 2025 CM2, PEI III, ASSENTAMENTO COM ARGAMASSA INDUSTRIALIZADA, INCLUSIVE REJUNTAMENTO | E101: m² | F101: 11.16 | G101: 5,58x2 área de alvenaria do balcão x diois lados
A102: 9.13 | B102: SEINFRA | C102: ED-50324 | D102: TORNEIRA METÁLICA PARA PIA, BICA MÓVEL, ABERTURA 1/4 DE VOLTA, ACABAMENTO CROMADO, COM AREJADOR, APLICAÇÃO DE MESA, INCLUSIVE ENGATE FLEXÍVEL METÁLICO | E102: un | F102: 1 | G102: 1 no laboratório
A103: 10. | D103: INSTALAÇÃO ELÉTRICA
...

Sheet CRON
A3: CRONOGRAMA FÍSICO-FINANCEIRO
A5: ='MM CALC'!A3 -> PREFEITURA MUNICIPAL DE SÃO JOÃO NEPOMUCENO
A6: ='MM CALC'!A4 -> OBRA: Ampliação Da escola Péricles | C6: VALOR: | D6: =C36 -> 593007.82 | H6: ='MM CALC'!E3 -> DATA: 06/10/2025
A7: ='MM CALC'!A5 -> LOCAL: RUA NORMA PIMENTA MENEZES, SÃO CRISTÓVÃO
A8: ITEM | B8: DESCRIÇÃO | C8: FÍSICO/ FINANCEIRO | D8: MÊS 01 | E8: MÊS 02 | F8: MÊS 03 | G8: MÊS 04 | H8: TOTAL
A9: 1 | B9: SERVIÇOS PRELIMINARES | C9: =C10/$C$36 -> 0.0024070678 | D9: 1 | E9: =E10/$C$36 -> 0 | F9: =F10/$C$36 -> 0 | G9: =G10/$C$36 -> 0 | H9: =SUM(D9:G9) -> 1
C10: ='PLAN ORÇ'!I13 -> 1427.41 | D10: =C10*D9 -> 1427.41 | E10: 0 | F10: 0 | G10: 0 | H10: =ROUND(SUM(D10:G10),2) -> 1427.41
A11: 2 | B11: ESTRUTURAS | C11: =C12/$C$36 -> 0.384405 | D11: 0.6 | E11: 0.4 | F11: =F12/$C$36 -> 0 | G11: =G12/$C$36 -> 0 | H11: =SUM(D11:G11) -> 1
C12: ='PLAN ORÇ'!I16 -> 227955.17 | D12: =D11*C12 -> 136773.1 | E12: =E11*C12 -> 91182.068 | F12: 0 | G12: 0 | H12: =ROUND(SUM(D12:G12),2) -> 227955.17
A13: 3 | B13: ALVENARIAS E DIVISÓRIAS | C13: =C14/$C$36 -> 0.063444964 | D13: 0.3 | E13: 0.7 | F13: =F14/$C$36 -> 0 | G13: =G14/$C$36 -> 0 | H13: =SUM(D13:G13) -> 1
C14: ='PLAN ORÇ'!I54 -> 37623.36 | D14: =D13*C14 -> 11287.008 | E14: =E13*C14 -> 26336.352 | F14: 0 | G14: 0 | H14: =ROUND(SUM(D14:G14),2) -> 37623.36
A15: 4 | B15: ='MM CALC'!D54 -> REVESTIMENTO | C15: =C16/$C$36 -> 0.11063761 | D15: =D16/$C$36 -> 0 | E15: =E16/$C$36 -> 0 | F15: 0.8 | G15: 0.2 | H15: =SUM(D15:G15) -> 1
C16: ='PLAN ORÇ'!I58 -> 65608.97 | D16: 0 | E16: 0 | F16: =F15*C16 -> 52487.176 | G16: =G15*C16 -> 13121.794 | H16: =ROUND(SUM(D16:G16),2) -> 65608.97
A17: 5 | B17: ='MM CALC'!D60 -> PISOS | C17: =C18/$C$36 -> 0.10178704 | D17: 0 | E17: 0.2 | F17: 0.8 | G17: =G18/$C$36 -> 0 | H17: =SUM(D17:G17) -> 1
C18: ='PLAN ORÇ'!I64 -> 60360.51 | D18: 0 | E18: =$C$18*E17 -> 12072.102 | F18: =$C$18*F17 -> 48288.408 | G18: 0 | H18: =ROUND(SUM(D18:G18),2) -> 60360.51
A19: 6 | B19: ='MM CALC'!D64 -> FORRO | C19: =C20/$C$36 -> 0.03782994 | D19: =D20/$C$36 -> 0 | E19: =E20/$C$36 -> 0 | F19: 1 | G19: =G20/$C$36 -> 0 | H19: =SUM(D19:G19) -> 1
C20: ='PLAN ORÇ'!I68 -> 22433.45 | D20: 0 | E20: 0 | F20: =C20 -> 22433.45 | G20: 0 | H20: =ROUND(SUM(D20:G20),2) -> 22433.45
A21: 7 | B21: ='MM CALC'!D66 -> PINTURA | C21: =C22/$C$36 -> 0.095446667 | D21: =D22/$C$36 -> 0 | E21: =E22/$C$36 -> 0 | F21: =F22/$C$36 -> 0 | G21: 1 | H21: =SUM(D21:G21) -> 1
C22: ='PLAN ORÇ'!I70 -> 56600.62 | D22: 0 | E22: 0 | F22: 0 | G22: =C22 -> 56600.62 | H22: =ROUND(SUM(D22:G22),2) -> 56600.62
A23: 8 | B23: ='MM CALC'!D78 -> ESQUADRIAS | C23: =C24/$C$36 -> 0.06882206 | D23: =D24/$C$36 -> 0 | E23: =E24/$C$36 -> 0 | F23: 1 | G23: =G24/$C$36 -> 0 | H23: =SUM(D23:G23) -> 1
C24: ='PLAN ORÇ'!I82 -> 40812.02 | D24: 0 | E24: 0 | F24: =C24 -> 40812.02 | G24: 0 | H24: =ROUND(SUM(D24:G24),2) -> 40812.02
A25: 9 | B25: ='MM CALC'!D89 -> LOUÇAS E METAIS | C25: =C26/$C$36 -> 0.010225683 | D25: =D26/$C$36 -> 0 | E25: =E26/$C$36 -> 0 | F25: =F26/$C$36 -> 0 | G25: 1 | H25: =SUM(D25:G25) -> 1
C26: ='PLAN ORÇ'!I93 -> 6063.91 | D26: 0 | E26: 0 | F26: 0 | G26: =C26 -> 6063.91 | H26: =ROUND(SUM(D26:G26),2) -> 6063.91
A27: 10 | B27: ='MM CALC'!D103 -> INSTALAÇÃO ELÉTRICA | C27: =C28/$C$36 -> 0.039072166 | D27: =D28/$C$36 -> 0 | E27: =E28/$C$36 -> 0 | F27: 0.4 | G27: 0.6 | H27: =SUM(D27:G27) -> 1
C28: ='PLAN ORÇ'!I107 -> 23170.1 | D28: 0 | E28: 0 | F28: =C28*F27 -> 9268.04 | G28: =G27*C28 -> 13902.06 | H28: =ROUND(SUM(D28:G28),2) -> 23170.1
A29: 11 | B29: ='MM CALC'!D115 -> INSTALAÇÃO HIDRÁULICA | C29: =C30/$C$36 -> 0.0067557119 | D29: =D30/$C$36 -> 0 | E29: 0.6 | F29: 0.4 | G29: =G30/$C$36 -> 0 | H29: =SUM(D29:G29) -> 1
C30: ='PLAN ORÇ'!I119 -> 4006.19 | D30: 0 | E30: =C30*E29 -> 2403.714 | F30: =C30*F29 -> 1602.476 | G30: 0 | H30: =ROUND(SUM(D30:G30),2) -> 4006.19
A31: 12 | B31: COBERTURA | C31: =C32/$C$36 -> 0.073378931 | D31: =D32/$C$36 -> 0 | E31: =E32/$C$36 -> 0 | F31: 1 | G31: =G32/$C$36 -> 0 | H31: =SUM(D31:G31) -> 1
C32: ='PLAN ORÇ'!I126 -> 43514.28 | D32: 0 | E32: 0 | F32: =C32 -> 43514.28 | G32: 0 | H32: =ROUND(SUM(D32:G32),2) -> 43514.28
A33: 13 | B33: LIMPEZA DE OBRA | C33: =C34/$C$36 -> 0.0057871581 | D33: =D34/$C$36 -> 0 | E33: =E34/$C$36 -> 0 | F33: =F34/$C$36 -> 0 | G33: 1 | H33: =SUM(D33:G33) -> 1
C34: ='PLAN ORÇ'!I133 -> 3431.83 | D34: 0 | E34: 0 | F34: 0 | G34: =C34 -> 3431.83 | H34: =ROUND(SUM(D34:G34),2) -> 3431.83
A35: TOTAL | C35: =C9+C11+C13+C31+C33 -> 0.52942312 | D35: =D9+D11+D13+D31+D33 -> 1.9 | E35: =E9+E11+E13+E31+E33 -> 1.1 | F35: =F9+F11+F13+F31+F33 -> 1 | G35: =G9+G11+G13+G31+G33 -> 1 | H35: =SUM(D35:G35) -> 5
C36: =C10+C12+C14+C32++C34+C30+C28+C26+C24+C22+C20+C18+C16 -> 593007.82 | D36: =D10+D12+D14+D32++D34+D30+D28+D26+D24+D22+D20+D18+D16 -> 149487.52 | E36: =E10+E12+E14+E32++E34+E30+E28+E26+E24+E22+E20+E18+E16 -> 131994.24 | F36: =F10+F12+F14+F32++F34+F30+F28+F26+F24+F22+F20+F18+F16 -> 218405.85 | G36: =G10+G12+G14+G32++G34+G30+G28+G26+G24+G22+G20+G18+G16 -> 93120.214 | H36: =SUM(D36:G36) -> 593007.82
B40: ___________________________________________________ | D40: ___________________________________________________
B41: ='MM CALC'!D135 -> Anderson José de Lima Rabelo | D41: ='MM CALC'!G135 -> Antônio José da Costa
B42: ='MM CALC'!D136 -> Engenheiro Civil - CREA 212395/D | D42: ='MM CALC'!G136 -> Prefeito Municipal de São João Nepomuceno
